 Dungeon Crawl Stone Soup version 0.32-a0-614-gd166fa8 (webtiles) character file.

Game seed: 11245561816399813056

16783762 FilltheMatrix the Petrodigitator (level 27, 196/199 HPs)
             Began as a Gargoyle Earth Elementalist on Mar 5, 2024.
             Was the Champion of Vehumet.
             Escaped with the Orb
             ... and 15 runes
             ... and 1 gem (0 intact)!
             The game lasted 05:25:51 (93872 turns).

FilltheMatrix the Petrodigitator (GrEE)            Turns: 93872, Time: 05:25:52

Health: 196/199    AC: 42    Str:  7    XL:     27
Magic:  43/63      EV: 15    Int: 38    God:    Vehumet [******]
Gold:   10591      SH:  0    Dex: 15    Spells: 1/80 levels left

rFire   + . .        b - staff of the Hierophant {Ice Earth}
rCold   + + +        O - crystal ball of Wucad Mu {*channel}
rNeg    + + +        I - +1 scale mail "Coureygh" {rC+ Regen+ Str-5 Int+3}
rPois   ∞            R - +2 hat of the Iron City of Dis {rN++}
rElec   +            r - +2 cloak {rCorr}
rCorr   +            x - +0 pair of gloves "Sos Tobb" {Regen+ MP+9 Int+4}
SInv    .            l - +1 pair of boots of Squeaky Brilliance {Will+ Dex+2}
Will    ++++.        N - amulet "Oxzaew" {Regen+ RegenMP+ Stlth+}
Stlth   ++           p - ring of Mystrikk {rElec rF+ rC+}
HPRegen 2.93/turn    M - ring of Xudeadeduu {rPois rC+ Will+}
MPRegen 0.78/turn

%: channel magic (40%)
@: flying, studying 4 skills
A: sickness immunity, AC +20, big wings, negative energy resistance 1,
electricity resistance, torment resistance 1, petrification resistance, hooves
1, agile 1, clever 1, mutation resistance 1
0: Orb of Zot
}: 15/15 runes: decaying, slimy, silver, golden, iron, obsidian, icy, bone,
abyssal, demonic, glowing, magical, fiery, dark, gossamer
a: Renounce Religion


You escaped.
You worshipped Vehumet.
Vehumet was exalted by your worship.
You visited 18 branches of the dungeon, and saw 88 of its levels.
You visited Pandemonium 1 time, and saw 18 of its levels.
You visited the Abyss 2 times.
You completed 1 ziggurat, and saw 27 of its levels.
You also visited: Trove, Gauntlet and Ice Cave.

You collected 18153 gold pieces.
You spent 7562 gold pieces at shops.

Inventory:

Hand Weapons
 U - the +6 Majin-Bo {spellvamp, MP+6 Int+6}
   (You found it on level 19 of a ziggurat)

   Int+6:     It affects your intelligence (+6).
   MP+6:      It affects your magic capacity (+6).
Armour
 l - the +1 pair of boots of Squeaky Brilliance (worn) {Will+ Dex+2}
   (You acquired it in Pandemonium)

   Dex+2:     It affects your dexterity (+2).
   Will+:     It increases your willpower.
 r - a +2 cloak of preservation (worn)
 x - the +0 pair of gloves "Sos Tobb" (worn) {Regen+ MP+9 Int+4}
   (You found it on level 4 of the Spider Nest)

   Int+4:     It affects your intelligence (+4).
   MP+9:      It affects your magic capacity (+9).
   Regen+:    It increases your rate of health regeneration.
 A - a +2 helmet of see invisible
 I - the +1 scale mail "Coureygh" (worn) {rC+ Regen+ Str-5 Int+3}
   (You found it on level 7 of the Iron City of Dis)

   Str-5:     It affects your strength (-5).
   Int+3:     It affects your intelligence (+3).
   rC+:       It protects you from cold.
   Regen+:    It increases your rate of health regeneration.
 O - the crystal ball of Wucad Mu (worn) {*channel}
   (You bought it in a shop on level 1 of the Vaults)

   *Channel:  It often returns the magic spent to cast spells, but lowers their
   success rate.
   It always returns the magic spent on miscasts.
 R - the +2 hat of the Iron City of Dis (worn) {rN++}
   (You found it in a Gauntlet)

   rN++:      It greatly protects you from negative energy.
 Z - a +1 kite shield of fire resistance
Magical Staves
 a - the staff of the Dwarven Hall {rElec Dex-5 Conj Tloc Air}
   (You found it on level 21 of a ziggurat)

   [staff of air]

   Base accuracy: +5 Base damage: 5 Base attack delay: 1.2 This weapon's minimum
   attack delay (0.6) is reached at skill level 12.
   Dex-5:     It affects your dexterity (-5).
   rElec:     It insulates you from electricity.
   Conj:      It increases the power of your Conjurations spells.
   Tloc:      It increases the power of your Translocations spells.
   Air:       It increases the power of your Air spells.
   It falls into the 'Staves' category.
   It is a one-handed weapon.
 b - the staff of the Hierophant (weapon) {Ice Earth}
   (You found it on level 23 of a ziggurat)

   [staff of earth]

   Base accuracy: +5 Base damage: 5 Base attack delay: 1.2 This weapon's minimum
   attack delay (0.6) is reached at skill level 12.
   Ice:       It increases the power of your Ice spells.
   Earth:     It increases the power of your Earth spells.
   It falls into the 'Staves' category.
   It is a one-handed weapon.
Jewellery
 g - the ring "Ugaunaf" {+Blink rN+ Will+ Int-2 Dex+3}
   (You found it on level 21 of a ziggurat)

   [ring of positive energy]

   Int-2:     It affects your intelligence (-2).
   Dex+3:     It affects your dexterity (+3).
   rN+:       It protects you from negative energy.
   Will+:     It increases your willpower.
   +Blink:    It lets you blink.
 p - the ring of Mystrikk (left hand) {rElec rF+ rC+}
   (You acquired it on level 4 of the Swamp)

   [ring of protection from fire]

   rF+:       It protects you from fire.
   rC+:       It protects you from cold.
   rElec:     It insulates you from electricity.
 w - the ring "Vankefor" {AC+4 Int+3}
   (You found it on level 23 of a ziggurat)

   [ring of protection]

   AC+4:      It affects your AC (+4).
   Int+3:     It affects your intelligence (+3).
 C - the ring of Enewago {rN+ Int+6 Dex+3}
   (You found it on level 27 of a ziggurat)

   [ring of intelligence]

   Int+6:     It affects your intelligence (+6).
   Dex+3:     It affects your dexterity (+3).
   rN+:       It protects you from negative energy.
 H - the ring of Omoobo {rPois rN+ Int+3 Dex+3}
   (You found it on level 17 of a ziggurat)

   [ring of positive energy]

   Int+3:     It affects your intelligence (+3).
   Dex+3:     It affects your dexterity (+3).
   rPois:     It protects you from poison.
   rN+:       It protects you from negative energy.
 J - the ring of Worch {^Contam rN+ EV+5 Str+4 Stlth+}
   (You found it on level 10 of a ziggurat)

   [ring of evasion]

   EV+5:      It affects your evasion (+5).
   Str+4:     It affects your strength (+4).
   rN+:       It protects you from negative energy.
   ^Contam:   It causes magical contamination when unequipped.
   Stlth+:    It makes you more stealthy.
 M - the ring of Xudeadeduu (right hand) {rPois rC+ Will+}
   (You took it off Antaeus on level 7 of Cocytus)

   [ring of poison resistance]

   rC+:       It protects you from cold.
   rPois:     It protects you from poison.
   Will+:     It increases your willpower.
 N - the amulet "Oxzaew" (around neck) {Regen+ RegenMP+ Stlth+}
   (You found it on level 11 of a ziggurat)

   [amulet of magic regeneration]

   It increases your rate of magic regeneration.
   Regen+:    It increases your rate of health regeneration.
   Stlth+:    It makes you more stealthy.
   RegenMP+:  It increases your rate of magic regeneration.
 P - the ring of Kyseh {rElec rCorr EV+5}
   (You found it on level 26 of a ziggurat)

   [ring of evasion]

   EV+5:      It affects your evasion (+5).
   rElec:     It insulates you from electricity.
   rCorr:     It protects you from acid and corrosion.
 Q - the amulet "Kuzxea Dyaps" {rPois Will+ RegenMP+ Stlth+}
   (You found it on level 16 of a ziggurat)

   [amulet of magic regeneration]

   It increases your rate of magic regeneration.
   rPois:     It protects you from poison.
   Will+:     It increases your willpower.
   Stlth+:    It makes you more stealthy.
   RegenMP+:  It increases your rate of magic regeneration.
 V - the amulet "Tuppuc" {RegenMP+ rCorr}
   (You found it on level 16 of a ziggurat)

   [amulet of magic regeneration]

   It increases your rate of magic regeneration.
   rCorr:     It protects you from acid and corrosion.
   RegenMP+:  It increases your rate of magic regeneration.
 W - the amulet "Axuant" {Acrobat rN+ Stlth+}
   (You found it on level 23 of a ziggurat)

   [amulet of the acrobat]

   Acrobat:   It increases your evasion while moving and waiting.
   rN+:       It protects you from negative energy.
   Stlth+:    It makes you more stealthy.
 X - the ring of the Crafting Fool {rCorr Int+4 Stlth+}
   (You found it on level 18 of a ziggurat)

   [ring of resist corrosion]

   Int+4:     It affects your intelligence (+4).
   rCorr:     It protects you from acid and corrosion.
   Stlth+:    It makes you more stealthy.
Wands
 i - a wand of digging (54)
 L - a wand of quicksilver (68)
Scrolls
 c - 43 scrolls of teleportation
 d - 4 scrolls of revelation
 e - 2 scrolls of butterflies
 k - 11 scrolls of amnesia
 n - 15 scrolls of poison
 t - 13 scrolls of blinking
 u - 27 scrolls of enchant armour
 v - 12 scrolls of fear
 y - 23 scrolls of fog
 B - 14 scrolls of silence
 E - 14 scrolls of immolation
Potions
 f - 36 potions of curing
 h - 7 potions of attraction
 j - 11 potions of enlightenment
 m - 2 potions of resistance
 o - 13 potions of lignification
 q - 18 potions of mutation
 s - 23 potions of heal wounds
 z - 15 potions of might
 D - 14 potions of ambrosia
 F - 3 potions of haste
 G - 8 potions of magic
 K - 3 potions of brilliance
 T - 5 potions of cancellation
 Y - 2 potions of invisibility
Miscellaneous
 S - 2 +1 figurines of a ziggurat


   Skills:
 O Level 27 Fighting
 + Level 15.2 Armour
 + Level 21.5 Dodging
 - Level 14.0 Stealth
 - Level 3.0 Shields
 O Level 27 Spellcasting
 O Level 27 Conjurations
 O Level 27 Fire Magic
 O Level 27 Ice Magic
 O Level 27 Air Magic
 O Level 27 Earth Magic
 + Level 12.3 Evocations


You had one spell level left.
You knew the following spells:

 Your Spells              Type           Power      Damage    Failure   Level
a - Shatter               Erth           78%        3d57*     3%          9
b - Fire Storm            Conj/Fire      65%        8d16      3%          9
c - Bombard               Conj/Erth      78%        9d13      1%          6
d - Polar Vortex          Ice            78%        12d10*    3%          9
e - Irradiate             Conj/Alch      50%        3d28      1%          5
f - Orb of Destruction    Conj           65%        9d15      1%          7
g - Chain Lightning       Conj/Air       65%        3d86      3%          9
h - Maxwell's Capacitive  Air            65%        ∞         1%          8
q - Blink                 Tloc           100%       N/A       11%         2
w - Spellforged Servitor  Conj/Summ      50%        N/A       4%          7
z - Lehudib's Crystal Sp  Conj/Erth      78%        10d17     1%          8

Your spell library contained the following spells:

 Spells                   Type           Power      Damage    Failure   Level
 Foxfire                  Conj/Fire      100%       2x1d9     1%          1
 Kiss of Death            Conj/Necr      100%       2d13      1%          1
 Magic Dart               Conj           100%       1d8       1%          1
 Sandblast                Erth           100%       2d20      1%          1
 Shock                    Conj/Air       100%       1d9       1%          1
 Sting                    Conj/Alch      100%       1d9       1%          1
 Apportation              Tloc           100%       N/A       8%          1
 Necrotise                Necr           100%       1d9       8%          1
 Summon Small Mammal      Summ           100%       N/A       8%          1
 Ensorcelled Hibernation  Hex/Ice        100%       N/A       1%          2
 Mercury Vapours          Alch/Air       100%       N/A       1%          2
 Momentum Strike          Conj/Tloc      100%       3d10      1%          2
 Scorch                   Fire           100%       2d9       1%          2
 Searing Ray              Conj           100%       2d8       1%          2
 Static Discharge         Conj/Air       100%       3-8/arc   1%          2
 Dazzling Flash           Conj/Hex       100%       N/A       1%          3
 Frozen Ramparts          Ice            100%       1d16      1%          3
 Hailstorm                Conj/Ice       100%       3d16      1%          3
 Inner Flame              Hex/Fire       100%       N/A       1%          3
 Mephitic Cloud           Conj/Alch/Air  100%       N/A       1%          3
 Ozocubu's Armour         Ice            100%       N/A       1%          3
 Passwall                 Erth           100%       N/A       1%          3
 Stone Arrow              Conj/Erth      100%       3d13      1%          3
 Summon Ice Beast         Ice/Summ       100%       N/A       1%          3
 Swiftness                Air            100%       N/A       1%          3
 Volatile Blastmotes      Fire/Tloc      100%       2d18      1%          3
 Airstrike                Air            65%        2d(10-26) 1%          4
 Animate Armour           Summ/Erth      100%       N/A       1%          4
 Brom's Barrelling Bould  Conj/Erth      100%       2d11      1%          4
 Flame Wave               Conj/Fire      100%       2d21      1%          4
 Fulminant Prism          Conj/Alch      50%        3d22      1%          4
 Ignite Poison            Fire/Alch      100%       N/A       1%          4
 Iskenderun's Mystic Bla  Conj/Tloc      100%       2d19      1%          4
 Leda's Liquefaction      Alch/Erth      62%        N/A       1%          4
 Petrify                  Alch/Erth      100%       N/A       1%          4
 Summon Blazeheart Golem  Fire/Summ      100%       N/A       1%          4
 Summon Lightning Spire   Summ/Air       100%       N/A       1%          4
 Vhi's Electric Charge    Tloc/Air       100%       N/A       1%          4
 Arcjolt                  Conj/Air       65%        1d75      1%          5
 Fireball                 Conj/Fire      65%        3d25      1%          5
 Freezing Cloud           Conj/Ice/Air   78%        6-21      1%          5
 Iskenderun's Battlesphe  Conj           100%       2d15      1%          5
 Lee's Rapid Deconstruct  Erth           78%        3d35*     1%          5
 Conjure Ball Lightning   Conj/Air       65%        3x3d23    1%          6
 Plasma Beam              Fire/Air       65%        2x1d81    1%          6
 Starburst                Conj/Fire      65%        6d17      1%          6
 Ozocubu's Refrigeration  Ice            78%        4d24      1%          7
 Ignition                 Fire           65%        3d17      1%          8
 Borgnjor's Vile Clutch   Necr/Erth      62%        N/A       2%          5
 Metabolic Englaciation   Hex/Ice        62%        N/A       2%          5
 Silence                  Hex/Air        50%        N/A       2%          5
 Sculpt Simulacrum        Ice/Alch       62%        N/A       5%          6
 Call Imp                 Summ           100%       N/A       11%         2
 Jinxbite                 Hex            100%       N/A       11%         2
 Lesser Beckoning         Tloc           100%       N/A       11%         2
 Olgreb's Toxic Radiance  Alch           50%        N/A       11%         4
 Call Canine Familiar     Summ           50%        N/A       17%         3
 Confusing Touch          Hex            50%        N/A       17%         3
 Fugue of the Fallen      Necr           50%        N/A       17%         3
 Gell's Gravitas          Tloc           50%        N/A       17%         3
 Sigil of Binding         Hex            50%        N/A       17%         3
 Teleport Other           Tloc           50%        N/A       17%         3
 Tukima's Dance           Hex            50%        N/A       17%         3
 Vampiric Draining        Necr           50%        2d9       17%         3
 Yara's Violent Unravell  Hex/Alch       25%        3d11      24%         5
 Anguish                  Hex/Necr       25%        N/A       38%         4
 Animate Dead             Necr           50%        N/A       38%         4
 Cause Fear               Hex            25%        N/A       38%         4
 Dimensional Bullseye     Hex/Tloc       25%        N/A       38%         4
 Dispel Undead            Necr           50%        3d19      38%         4
 Manifold Assault         Tloc           50%        N/A       38%         4
 Martyr's Knell           Necr/Summ      50%        N/A       38%         4
 Passage of Golubria      Tloc           50%        N/A       38%         4
 Alistair's Intoxication  Alch           33%        N/A       69%         5
 Curse of Agony           Necr           50%        N/A       69%         5
 Summon Forest            Summ/Tloc      25%        N/A       69%         5
 Summon Mana Viper        Hex/Summ       50%        N/A       69%         5
 Eringya's Noxious Bog    Alch           25%        4d6       71%         6
 Death Channel            Necr           25%        N/A       99%         6
 Dispersal                Tloc           25%        N/A       99%         6
 Summon Cactus Giant      Summ           25%        N/A       99%         6
 Enfeeble                 Hex            25%        N/A       100%        7
 Haunt                    Necr/Summ      25%        N/A       100%        7
 Malign Gateway           Summ/Tloc      25%        N/A       100%        7
 Monstrous Menagerie      Summ           25%        N/A       100%        7
 Summon Hydra             Summ           25%        N/A       100%        7
 Borgnjor's Revivificati  Necr           25%        N/A       100%        8
 Discord                  Hex            25%        N/A       100%        8
 Disjunction              Tloc           25%        N/A       100%        8
 Infestation              Necr           25%        N/A       100%        8
 Summon Horrible Things   Summ           25%        N/A       100%        8
 Dragon's Call            Summ           25%        N/A       100%        9
 Cigotuvi's Dreadful Rot  Necr/Alch/Air  Unusable   N/A       N/A         2
 Sublimation of Blood     Necr           Unusable   N/A       N/A         2

Dungeon Overview and Level Annotations

Branches:
Dungeon (15/15)            Temple (1/1) D:7            Lair (5/5) D:8
  Swamp (4/4) Lair:2       Spider (4/4) Lair:2        Slime (5/5) Lair:5
    Orc (2/2) D:12            Elf (3/3) Orc:2        Vaults (5/5) D:13
  Crypt (3/3) Vaults:2       Tomb (3/3) Crypt:3      Depths (4/4) D:15
   Hell (visited)             Dis (7/7) Hell            Geh (7/7) Hell
    Coc (7/7) Hell            Tar (7/7) Hell            Zot (5/5) Depths:4
  IceCv (visited)         Gauntlet (visited)

Altars:
Ashenzari
Cheibriados
Dithmenos
Elyvilon
Fedhas
Gozag
Hepliaklqana
Kikubaaqudgha
Makhleb
Nemelex Xobeh
Okawaru
Qazlal
Ru
Sif Muna
Trog
Uskayaw
Vehumet
Wu Jian
Xom
Yredelemnul
Zin
The Shining One
Beogh
Ignis
Jiyva
Lugonu

Shops:
D:10 *   Orc:2 (:[(   Vaults:1 [[[:   Depths:4 =

Portals:
Hell: Depths:1 Depths:2 Depths:3 Depths:4
Abyss: Depths:3 Depths:4
Pandemonium: Depths:2 Depths:4


Innate Abilities, Weirdness & Mutations

You are immune to sickness and miasma.
Your stone body is resilient. (AC +20)
You are immune to poison.
Your large and strong wings let you fly.
You resist negative energy. (rN+)
You are resistant to electric shocks. (rElec)
You are resistant to unholy torment.
You are immune to petrification.
You have large cloven feet.
You are agile. (Dex +4, Str/Int -1)
Your mind is acute. (Int +4, Str/Dex -1)
You are somewhat resistant to further mutation.


Message History

The great blast of fire engulfs the plant!!!!
The plant is almost destroyed.
The great blast of fire engulfs the plant!!!!
You destroy the plant!
The great blast of fire engulfs the plant!!!!
The plant is severely damaged.
The great blast of fire engulfs the plant!!!!
The plant is severely damaged.
Magical energy flows into your mind!
You hear a chilling moan.
The plant is engulfed in blazing flames. x5
The plant is engulfed in blazing flames. x2
A nearby plant withers and dies.
The plant is engulfed in blazing flames. x2
A nearby plant withers and dies.
The plant is engulfed in blazing flames.
A nearby plant withers and dies.
The plant is engulfed in blazing flames.
A nearby plant withers and dies.
A sixfirhy comes into view.
Casting: Fire Storm (dangerous; 3% risk of failure)
Confirm with . or Enter, or press ? or * to list all spells.
Aiming: Fire Storm (dangerous; 3% risk of failure)
Press: ? - help, Dir - move target, f - sixfirhy
Aim: a sixfirhy A raging storm of fire appears!
The great blast of fire engulfs the sixfirhy!!!
You kill the sixfirhy!
Vehumet accepts your kill.
The tree burns like a torch!
Magical energy flows into your mind!
The plant is engulfed in blazing flames.
A sixfirhy comes into view.
The plant is engulfed in blazing flames.
A nearby plant withers and dies.
A sixfirhy comes into view.
There is a staircase leading out of the dungeon here.
Something hits you.
You feel your power leaking away.
Deactivating autopickup; reactivate with Ctrl-A.
You have escaped!

######## #..... #...^..# #.....
######......################.....
.................................
....##......###.############.....
...)##......# #..# #.....
....##......# ##.# #...÷.
..(.############{######### #.#.##
....# ♣♣....§§@..≈≈~≈~≈###..#..
....# ♣♣..v§)v§~v~~~....'.#.#†##
....###♣...§~§~§..≈~.....#)..#.##
......#...§≈§°.v~~~.P...♣#....#..
....#.'..≈≈§~..~~.....<♣♣#...#.##
#..##.#≈~~≈≈~~≈≈.<..♣♣♣♣ #.......
##.#..####3#######+#.##########.#
##.#.#.##.#.#......#....#.# #.#
.....#........####.##...#.# #..


You could see a sixfirhy and 3 friendly fire vortices.

Vanquished Creatures
  Cerebov (Pan)
  Antaeus (Coc:7)
  Asmodeus (Geh:7)
  Mnoleg (Pan)
  Ignacio (Pan)
  Ereshkigal (Tar:7)
  the Royal Jelly (Slime:5)
  Gloorx Vloq (Pan)
  Lom Lobon (Pan)
  A seraph (Zig:25)
  16 dread liches
  16 ancient liches
  8 orbs of fire
  Mennas (Vaults:2)
  Dispater (Dis:7)
  15 juggernauts
  48 royal mummies
  Josephina (Depths:4)
  20 pandemonium lords
  Bai Suzhen (Vaults:2)
  8 Killer Klowns
  Sojobo (Vaults:3)
  15 shard shrikes
  2 curse toes
  41 caustic shrikes
  Geryon (Hell)
  19 golden dragons
  Jory (Vaults:2)
  7 pearl dragons (Zig:25)
  Arachne (Spider:3)
  13 profane servitors
  20 doom hounds
  35 bone dragons
  6 hellephants
  16 Brimstone Fiends
  22 tentacled monstrosities
  37 Hell Sentinels
  3 electric golems
  17 Tzitzimimeh
  A shard shrike zombie (Crypt:3)
  11 iron giants
  Rupert (Lair:3)
  4 spectral shard shrikes
  13 liches
  Asterion (Spider:3)
  23 Orb Guardians
  20 tainted leviathans
  34 Ice Fiends
  10 deep elf master archers
  21 titans
  A walking earthen tome (Depths:2)
  9 deep elf blademasters
  3 quicksilver dragons (shapeshifter) (Zig:23)
  2 sphinxes (shapeshifter) (Zig:23)
  9 quicksilver dragons
  16 searing wretches
  A walking divine tome (Depths:2)
  Grunn (Crypt:1)
  29 acid blobs
  16 tentacled starspawn
  11 sphinxes
  The ghost of Caerwyn the Warrior, an adept CoBe of Trog (Spider:1)
  The ghost of tls9540 the Brawler, an adept TrFi of Wu Jian (Spider:3)
  44 ancient champions
  An eldritch tentacle (Pan)
  25 Executioners
  Kirke (D:15)
  Agnes (Spider:1)
  Frances (Lair:2)
  7 death cobs
  2 thorn hunters (Swamp:4)
  13 shadow dragons
  12 tengu reavers
  Aizul (Vaults:2)
  2 fenstrider witches
  5 revenants
  8 nagarajas (Zig:20)
  A storm dragon (shapeshifter) (Zig:23)
  19 rockslimes
  17 storm dragons
  26 azure jellies
  10 demonspawn warmongers
  A fenstrider witch (shapeshifter) (Zig:12)
  10 draconian monks
  20 fire giants
  12 daevas
  An azure jelly (shapeshifter) (Zig:23)
  10 iron dragons
  A draconian scorcher (Depths:4)
  The ghost of magiryoung the Fighter, a journeyman DrSh of Wu Jian (Swamp:1)
  12 draconian knights
  12 protean progenitors
  7 shard shrike simulacra
  8 deep elf sorcerers
  6 draconian shifters
  19 vault wardens
  30 narguns
  19 frost giants
  4 juggernaut zombies
  7 emperor scorpions
  13 quicksilver elementals
  A spectral juggernaut (Tar:3)
  13 ghost moths
  43 balrugs
  27 cacodemons
  9 orc warlords
  A caustic shrike zombie (Crypt:3)
  4 curse skulls
  A spectral caustic shrike (Tar:3)
  6 ghouls
  13 ironbound preservers
  5 spriggan defenders
  8 angels
  31 reapers
  11 draconian annihilators
  11 demonspawn corrupters
  3 broodmothers
  7 draconian stormcallers
  6 demonspawn blood saints (Pan)
  22 very ugly things
  14 ophanim (Zig:25)
  5 deep elf elementalists
  14 stone giants
  4 caustic shrike skeletons
  8 formless jellyfish
  19 deep elf demonologists
  2 stone giants (shapeshifter)
  12 quicksilver oozes
  17 deep elf annihilators
  19 deep elf death magi
  An eleionoma (shapeshifter) (Zig:23)
  14 putrid mouths
  12 demonspawn black suns
  7 ironbound thunderhulks
  8 juggernaut skeletons
  7 vampire knights
  4 starflowers (Abyss:1)
  Azrael (Spider:2)
  11 apis (Zig:25)
  3 eleionomae
  9 green draconians
  26 bennus
  19 red draconians
  8 black draconians
  25 elemental wellsprings
  8 dire elephants
  A minotaur (Gauntlet)
  8 purple draconians
  5 bunyips
  6 spark wasps
  13 lorocyprocas
  2 spectral titans (Tar:1)
  18 white draconians
  2 dire elephants (shapeshifter) (Zig:23)
  50 war gargoyles
  8 yellow draconians
  24 iron golems
  30 wendigos
  41 mummy priests
  32 eidola
  A merfolk javelineer (Depths:2)
  The ghost of rotlqkf the Skirmisher, a journeyman CoHu of Okawaru (Lair:2)
  12 blizzard demons
  A merfolk impaler (Depths:2)
  23 ettins
  13 green deaths
  2 crystal guardians
  12 deep elf high priests
  6 spectral spriggans
  13 yaktaur captains
  A shambling mangrove (Swamp:4)
  3 fire dragons
  2 spriggan zombies
  5 entropy weavers
  An ice dragon (shapeshifter) (Zig:23)
  31 vault guards
  9 great orbs of eyes
  21 hydras
  A quicksilver dragon skeleton (Zig:21)
  An entropy weaver (shapeshifter) (D:13)
  6 hell beasts
  3 rakshasas
  The ghost of Lovepenguin the Destroyer, a journeyman DrCj of Sif Muna (Orc:1)
  5 radroaches
  24 salamander tyrants
  2 spriggan air magi (Depths:4)
  Erica (Orc:1)
  7 ice dragons
  2 jorogumos
  2 catoblepae
  6 caustic shrike simulacra
  3 peacekeepers
  A ghost crab (Swamp:3)
  4 ogre magi
  12 juggernaut simulacra
  4 spriggan skeletons
  5 alligators
  12 ironbound frosthearts
  4 boulder beetles
  45 dancing weapons
  10 stokers
  2 merfolk aquamancers (Pan)
  9 centaur warriors
  10 two-headed ogres
  3 deep troll shamans
  8 tengu warriors
  18 death yaks
  101 death scarabs
  2 two-headed ogres (shapeshifter)
  45 hell hogs
  2 occultists
  19 demonic crawlers
  4 shock serpents
  2 sphinx skeletons (Zig:11)
  4 naga warriors
  17 thrashing horrors
  5 vampire magi
  9 spriggan berserkers
  5 deep troll earth magi
  2 titan zombies
  A spectral dire elephant (Tar:3)
  A shock serpent (shapeshifter) (Zig:22)
  26 deep elf knights
  4 naga sharpshooters (Zig:20)
  5 orc high priests
  18 crystal echidnas
  50 sun demons
  34 soul eaters
  30 spriggans
  An emperor scorpion zombie (Crypt:1)
  4 hellephant skeletons (Pan)
  A titan skeleton (Crypt:2)
  13 hell knights
  An iron giant zombie (Crypt:1)
  16 skeletal warriors
  A storm dragon zombie (Zig:21)
  7 iron trolls
  5 spatial maelstroms
  40 sixfirhies
  21 wretched stars
  A skyshark (shapeshifter) (Zig:23)
  5 goliath frogs
  8 pharaoh ants
  18 shadow demons
  4 skysharks
  3 salamander mystics
  4 spriggan druids
  3 storm dragon skeletons
  14 shadow wraiths
  A bunyip zombie (Abyss:2)
  A death drake (Swamp:3)
  2 swamp dragons (shapeshifter) (Zig:23)
  4 flayed ghosts
  A glowing orange brain (shapeshifter) (Zig:23)
  2 naga ritualists (Zig:20)
  6 quicksilver dragon simulacra
  2 kraken simulacra (Coc:7)
  23 deep trolls
  6 glowing orange brains
  An obsidian statue (Zig:6)
  A lindwurm (shapeshifter) (Zig:23)
  15 orb spiders
  47 large abominations
  3 spriggan simulacra
  2 anaconda zombies
  2 spectral anacondas
  4 sun moths
  A mana viper (Zig:20)
  8 cherubim (Zig:25)
  A spectral iron dragon (Tar:1)
  An anaconda skeleton (Hell)
  A fenstrider witch simulacrum (Coc:2)
  16 steelbarb worms
  A shadow dragon zombie (Zig:21)
  26 deep elf archers
  12 swamp dragons
  11 bog bodies
  7 thermic dynamos
  4 arcanists
  20 ironbound convokers
  25 necromancers
  30 wolf spiders
  12 phantasmal warriors
  43 deep elf pyromancers
  A human zombie (Vaults:5)
  A shining eye (shapeshifter) (Vaults:1)
  An iron dragon zombie (Crypt:3)
  20 orc knights
  2 alligator zombies
  A tengu zombie (Zig:21)
  55 starcursed masses
  41 deep elf zephyrmancers
  A frost giant zombie (Zig:11)
  A harpy (Vaults:2)
  4 lindwurms
  6 will-o-the-wisps
  20 ugly things
  14 salamanders
  10 shining eyes
  7 orc sorcerers
  7 cyclopes
  A manticore (D:14)
  A faun (shapeshifter) (Zig:23)
  A faun (Zot:2)
  An alligator skeleton (Hell)
  3 fire giant zombies
  A spectral ettin (Tar:3)
  A spectral centaur (Tar:2)
  18 meliai
  7 kobold blastminers
  A spectral alligator snapping turtle (Tar:3)
  A worldbinder (Zig:15)
  11 apocalypse crabs
  3 centaur zombies
  A frost giant skeleton (Depths:2)
  An iron dragon skeleton (Vaults:5)
  2 stone giant skeletons
  A toenail golem (Zot:5)
  6 guardian serpents
  13 rust devils
  36 moths of wrath
  13 vault sentinels
  8 ice statues
  10 black mambas
  13 naga magi
  32 smoke demons
  A black mamba (shapeshifter) (Elf:1)
  An eye of devastation (shapeshifter) (Zig:15)
  26 elephants
  5 titan simulacra
  4 torpor snails
  8 molten gargoyles (Geh:7)
  19 cane toads
  An alligator snapping turtle zombie (Tomb:2)
  23 orange demons
  Maggie (D:7)
  A gargoyle (D:10)
  A dire elephant zombie (Crypt:3)
  A torpor snail (shapeshifter) (Depths:4)
  4 eyes of devastation
  A storm dragon simulacrum (Depths:4)
  A sea snake zombie (Hell)
  2 dire elephant skeletons
  6 unseen horrors
  44 hellions
  11 ice devils
  2 kobold demonologists (D:10)
  A bunyip simulacrum (Tomb:2)
  39 tormentors
  A mana viper skeleton (Crypt:2)
  15 efreet
  5 rime drakes
  11 freezing wraiths
  18 komodo dragons
  79 guardian mummies
  3 harpy zombies
  3 tengu conjurers
  5 anaconda simulacra
  4 spectral nagas
  36 yaktaurs
  3 golden dragon simulacra
  9 red devils
  An iron giant simulacrum (Coc:6)
  2 queen bees
  A hydra zombie (Hell)
  A silent spectre (Tar:6)
  11 trolls
  11 ancient zymes
  A human skeleton (Vaults:3)
  3 merfolk (shapeshifter)
  A tengu simulacrum (Vaults:3)
  32 tarantellas
  20 hornets
  4 hydra skeletons
  5 polar bears
  31 hellwings
  11 tyrant leeches
  Grinder (D:3)
  2 alligator simulacra
  A tarantella (shapeshifter) (Zig:23)
  29 blink frogs
  4 fire giant simulacra
  16 raiju
  3 ettin zombies
  4 glass eyes
  4 iron dragon simulacra
  2 harpy skeletons
  A glass eye (shapeshifter) (Zig:23)
  17 dream sheep
  43 jumping spiders
  An ettin skeleton (Crypt:3)
  5 stone giant simulacra
  4 shadows
  Sigmund (D:4)
  An air elemental (Zig:24)
  33 culicivoras
  100 slime creatures
  A centaur simulacrum (D:13)
  6 water elementals
  A black mamba zombie (Tomb:3)
  18 ynoxinuls
  4 dire elephant simulacra
  28 ushabtiu
  A fire bat (shapeshifter) (Zig:23)
  2 elf zombies (Vaults:2)
  A vampire (D:12)
  8 wraiths
  4 wyverns
  3 hogs (D:15)
  5 fire elementals
  5 naga simulacra
  A warg (shapeshifter) (D:14)
  2 black mamba skeletons
  15 golden eyes
  22 yaks
  4 basilisks
  7 wargs
  A death yak simulacrum (IceCv)
  3 fire bats (Depths:3)
  An alligator snapping turtle simulacrum (Coc:1)
  19 vampire mosquitoes
  28 neqoxecs
  A steam dragon (D:6)
  75 redbacks
  17 chaos spawn
  Menkaure (D:5)
  16 small abominations
  10 harpy simulacra
  2 nagas
  2 glowing shapeshifter zombies
  4 naga zombies (Crypt:3)
  2 acid dragons
  6 swamp worms
  2 glowing shapeshifter skeletons (Zig:21)
  11 hell hounds
  2 hydra simulacra
  A tengu skeleton (Zig:3)
  6 swamp drakes (Swamp:4)
  A demonspawn skeleton (Crypt:1)
  13 water moccasins
  2 naga skeletons (Crypt:3)
  An ice beast (D:7)
  An ogre skeleton (Vaults:5)
  3 black bears
  48 orc warriors
  2 ettin simulacra
  A boggart (Vaults:1)
  24 laughing skulls
  12 ogres
  5 wolves (Lair:3)
  20 centaurs
  2 phantoms (D:6)
  6 brain worms
  4 kobold brigands
  3 weeping skulls (Abyss:2)
  19 bullfrogs
  A gnoll sergeant (D:9)
  5 earth elementals
  A cane toad simulacrum (IceCv)
  A cyclops zombie (Crypt:2)
  A glowing shapeshifter simulacrum (Zig:26)
  3 scorpions
  4 wights (Abyss:1)
  6 wyvern skeletons (Crypt:3)
  A shapeshifter zombie (Crypt:1)
  12 killer bees
  6 howler monkeys
  4 electric eels
  A human simulacrum (Vaults:3)
  A quasit (Depths:3)
  2 iron imps
  2 bombardier beetles (D:5)
  A gnoll bouda (D:9)
  4 hounds
  3 jellies
  13 orc priests
  A sleepcap (D:5)
  2 centaur skeletons
  23 orc wizards
  4 iguanas
  11 hell rats
  82 mummies
  8 gnolls (D:9)
  A howler monkey skeleton (Crypt:2)
  2 adders
  4 shadow imps
  3 white imps
  4 ufetubi (Abyss:2)
  4 dart slugs
  43 orcs
  6 bats
  8 endoplasms
  4 giant cockroaches
  4 goblins
  2 hobgoblins
  A jackal (D:1)
  25 kobolds
  A quokka (D:1)
  5 ball pythons
  A bombardier beetle zombie (Crypt:1)
  3 frilled lizards
  A frilled lizard zombie (Crypt:1)
  An orc zombie (Crypt:1)
  7 rats
  17 aspiring fleshes
  5 ball lightnings (Pan)
  6 creeping infernos
  56 fire vortices
  3 lurking horrors
  5 starspawn tentacles
  2 tentacles (Coc:7)
5157 creatures vanquished.

Vanquished Creatures (collateral kills)
  the Serpent of Hell (Geh:7)
  2 orbs of fire
  A royal mummy (Tomb:3)
  A Killer Klown (Zig:12)
  A shard shrike (Coc:6)
  A golden dragon (Zot:2)
  A bone dragon (Zig:15)
  A tainted leviathan (Tar:7)
  6 Orb Guardians
  A tentacled starspawn (Abyss:2)
  2 acid blobs (Slime:5)
  A draconian shifter (Zot:2)
  A balrug (Pan)
  A quicksilver ooze (Pan)
  2 draconian annihilators (Zot:2)
  A formless jellyfish (Slime:1)
  A starcursed mass (Zig:15)
  A hell beast (Pan)
  2 thrashing horrors
  A sixfirhy (Pan)
  A wolf spider (Spider:3)
  An ancient zyme (Zig:15)
  2 slime creatures
  A harpy simulacrum (Coc:4)
  A brain worm (Pan)
  2 aspiring fleshes
37 creatures vanquished.

Vanquished Creatures (others)
  A pandemonium lord (Zig:23)
  An eldritch tentacle (Zig:23)
  A balrug (Geh:7)
  A deep elf annihilator (Elf:3)
  A centaur warrior (D:14)
  2 golden eyes (Abyss:2)
  2 redbacks
  A harpy simulacrum (Coc:4)
  An orc (D:7)
  A ball lightning (Pan)
  A creeping inferno (Geh:4)
  584 fire vortices
  12 foxfires
  13 starspawn tentacles
  2 tentacles (Coc:7)
624 creatures vanquished.

Grand Total: 5818 creatures vanquished

Notes
Turn   | Place    | Note
-------+----------+-------------------------------------------
     0 | D:1      | FilltheMatrix the Gargoyle Earth Elementalist began the
                  | quest for the Orb.
     0 | D:1      | Reached XP level 1. HP: 10/10 MP: 3/3
    68 | D:1      | Reached XP level 2. HP: 8/15 MP: 0/5
   434 | D:1      | Reached XP level 3. HP: 19/19 MP: 2/6
  1454 | D:2      | Found a faded altar of an unknown god.
  1678 | D:3      | Reached XP level 4. HP: 24/24 MP: 5/7
  2257 | D:3      | Found a radiant altar of Vehumet.
  2270 | D:3      | Noticed Grinder
  2280 | D:3      | Killed Grinder
  2281 | D:3      | Reached skill level 5 in Stealth
  2281 | D:3      | Reached XP level 5. HP: 25/28 MP: 3/8
  2281 | D:3      | Reached XP level 6. HP: 29/32 MP: 3/9
  2562 | D:3      | Became a worshipper of Vehumet
  2847 | D:3      | Identified the +7 spear of Ydyarock {holy, rElec}
  3057 | D:4      | Learned a level 3 spell: Stone Arrow
  3133 | D:4      | Noticed a black bear
  3136 | D:4      | Killed a black bear
  3205 | D:4      | Found a blossoming altar of Fedhas.
  3281 | D:4      | Reached XP level 7. HP: 36/36 MP: 6/10
  3447 | D:4      | Noticed Sigmund
  3450 | D:4      | Killed Sigmund
  3662 | D:5      | Entered Level 5 of the Dungeon
  3668 | D:5      | Noticed Menkaure
  3674 | D:5      | Killed Menkaure
  3823 | D:5      | Reached XP level 8. HP: 41/41 MP: 11/11
  4191 | D:6      | Reached skill level 10 in Earth Magic
  4290 | D:6      | Reached skill level 1 in Fighting
  4323 | D:6      | Identified the +0 trident of the Red Skies {pain, rCorr
                  | Int+5 Dex-3}
  4421 | D:6      | Found a burning altar of Makhleb.
  4994 | D:6      | Found a sacrificial altar of Ru.
  5160 | D:7      | Found a staircase to the Ecumenical Temple.
  5521 | D:7      | Reached XP level 9. HP: 37/50 MP: 5/12
  5595 | D:7      | Reached * piety under Vehumet
  5595 | D:7      | Offered knowledge of Freeze by Vehumet.
  5601 | D:7      | Learned a level 4 spell: Iskenderun's Mystic Blast
  5605 | D:7      | Reached skill level 5 in Conjurations
  5720 | Temple   | Entered the Ecumenical Temple
  5762 | D:7      | Found a shimmering altar of Xom.
  5820 | D:7      | Noticed Maggie
  6216 | D:8      | Found Adicae's Magic Scroll Emporium.
  6272 | D:8      | Noticed a komodo dragon
  6277 | D:8      | Killed a komodo dragon
  6429 | D:8      | Noticed a komodo dragon
  6433 | D:8      | Killed a komodo dragon
  6492 | D:8      | Bought a scroll of identify for 22 gold pieces
  6492 | D:8      | Bought a scroll of teleportation for 33 gold pieces
  6492 | D:8      | Bought a scroll of identify for 22 gold pieces
  6492 | D:8      | Bought a scroll of poison for 44 gold pieces
  6492 | D:8      | Bought a scroll of noise for 11 gold pieces
  6494 | D:8      | Bought a scroll of enchant armour for 82 gold pieces
  6494 | D:8      | Bought a scroll of enchant weapon for 82 gold pieces
  6494 | D:8      | Bought a scroll of enchant weapon for 82 gold pieces
  6574 | D:8      | Reached XP level 10. HP: 15/56 MP: 6/13
  6578 | D:8      | Reached skill level 10 in Conjurations
  7065 | D:8      | Found an ornate altar of the Wu Jian Council.
  7159 | D:8      | Found a staircase to the Lair.
  7773 | D:9      | Offered knowledge of Magic Dart by Vehumet.
  7779 | D:9      | Reached ** piety under Vehumet
  7931 | D:9      | Killed an unseen horror
  8048 | D:9      | Found a broken altar of Ashenzari.
  8531 | D:9      | Found a hazy altar of Hepliaklqana.
  8583 | D:9      | Found a bloodstained altar of Trog.
  8583 | D:9      | Found a snail-covered altar of Cheibriados.
  8656 | D:10     | Entered Level 10 of the Dungeon
  8676 | D:10     | Found Foiman's General Store.
  8684 | D:10     | Bought a scroll of fog for 56 gold pieces
  8684 | D:10     | Bought a scroll of noise for 14 gold pieces
  8684 | D:10     | Bought a scroll of identify for 28 gold pieces
  8684 | D:10     | Bought a scroll of teleportation for 42 gold pieces
  8684 | D:10     | Bought 2 potions of curing for 84 gold pieces
  8709 | D:10     | Noticed a tengu warrior
  9027 | D:10     | Found a basalt altar of Yredelemnul.
  9052 | D:10     | Reached skill level 10 in Stealth
  9167 | D:10     | Reached skill level 1 in Armour
  9253 | D:10     | Found a portal to a secret trove of treasure.
  9427 | D:10     | Noticed a kobold demonologist
  9464 | D:10     | Killed a tengu warrior
  9465 | D:10     | Reached XP level 11. HP: 60/60 MP: 5/17
  9482 | D:10     | Noticed a tengu warrior
  9485 | D:10     | Killed a tengu warrior
  9730 | D:10     | Noticed a sixfirhy
  9903 | D:11     | Noticed a cyclops
  9916 | D:11     | Offered knowledge of Dazzling Flash by Vehumet.
  9929 | D:10     | Learned a level 3 spell: Dazzling Flash
  9933 | D:11     | Killed a cyclops
  9934 | D:11     | Reached skill level 5 in Armour
 10311 | D:11     | Reached *** piety under Vehumet
 10322 | D:11     | Reached skill level 5 in Spellcasting
 10449 | D:12     | Found Vuoxelips's Magic Scroll Shoppe.
 10464 | D:12     | Bought a scroll of fog for 68 gold pieces
 10464 | D:12     | Bought a scroll of identify for 34 gold pieces
 10464 | D:12     | Bought a scroll of amnesia for 68 gold pieces
 10464 | D:12     | Bought a scroll of identify for 34 gold pieces
 10464 | D:12     | Bought a scroll of identify for 34 gold pieces
 10464 | D:12     | Bought a scroll of identify for 34 gold pieces
 10473 | D:12     | Noticed a cyclops
 10496 | D:12     | Noticed a purple ugly thing
 10517 | D:12     | Killed a purple ugly thing
 10577 | D:12     | Killed a cyclops
 10691 | D:12     | Found a staircase to the Orcish Mines.
 10697 | D:12     | Noticed a brown ugly thing
 10700 | D:12     | Killed a brown ugly thing
 10700 | D:12     | Offered knowledge of Olgreb's Toxic Radiance by Vehumet.
 10706 | D:12     | Learned a level 4 spell: Olgreb's Toxic Radiance
 10751 | D:12     | You fall into a shaft and drop 3 floors!
 10751 | D:15     | Entered Level 15 of the Dungeon
 10762 | D:15     | Found a sacrificial altar of Ru.
 10769 | D:15     | Noticed a cyclops
 10777 | D:15     | Killed a cyclops
 10856 | D:15     | Noticed a boulder beetle
 10871 | D:15     | Killed a boulder beetle
 10914 | D:15     | Found a staircase to the Depths.
 10915 | D:15     | Noticed a fire giant
 10946 | D:14     | Reached XP level 12. HP: 52/64 MP: 14/20
 10978 | D:14     | Noticed a centaur warrior
 10994 | D:14     | Killed a centaur warrior
 11082 | D:14     | Noticed a centaur warrior
 11130 | D:14     | Noticed a centaur warrior
 11136 | D:14     | Killed a centaur warrior
 11165 | D:14     | Noticed a tengu warrior
 11176 | D:14     | Killed a tengu warrior
 11484 | D:13     | Noticed a centaur warrior
 11489 | D:14     | Killed a centaur warrior
 11514 | D:14     | Killed a centaur warrior
 11634 | D:14     | Found Sayrer's Armour Shoppe.
 11639 | D:14     | Noticed a catoblepas
 11663 | D:14     | Killed a catoblepas
 11990 | D:12     | Reached **** piety under Vehumet
 12023 | D:12     | Identified the +1 mace "Spider's Regret" {flame, +Blink
                  | MP+9 Dex+2}
 12092 | D:12     | Offered knowledge of Sticky Flame by Vehumet.
 12404 | Orc:1    | Entered Level 1 of the Orcish Mines
 12511 | Orc:1    | Found a transporter.
 12697 | Orc:1    | Noticed Erica
 12703 | Orc:1    | Killed Erica
 12742 | Orc:1    | Found a transporter.
 12747 | Orc:1    | Found a bloodstained altar of Trog.
 12759 | Orc:1    | Noticed a two-headed ogre
 12759 | Orc:1    | Noticed a two-headed ogre
 12760 | Orc:1    | Noticed Lovepenguin's ghost (journeyman DrCj)
 12782 | Orc:1    | Found a roughly hewn altar of Beogh.
 12885 | Orc:1    | Noticed a two-headed ogre
 12886 | Orc:1    | Reached XP level 13. HP: 68/68 MP: 6/23
 13190 | Orc:2    | Entered Level 2 of the Orcish Mines
 13478 | Orc:2    | Reached ***** piety under Vehumet
 13561 | Orc:2    | Offered knowledge of Irradiate by Vehumet.
 13684 | Orc:2    | Reached skill level 15 in Conjurations
 14076 | Orc:2    | Found a staircase to the Elven Halls.
 14366 | Orc:2    | Found Vuxaism's Book Shoppe.
 14366 | Orc:2    | Found Celof's Armour Boutique.
 14368 | Orc:2    | Found Zohauste's Weapon Shop.
 14370 | Orc:2    | Found Ixyep's Antique Weapon Emporium.
 14482 | Orc:2    | Bought a book of Power for 588 gold pieces
 14482 | Orc:2    | Bought a book of Transmutation for 392 gold pieces
 14488 | Orc:2    | Learned a level 5 spell: Irradiate
 14495 | Orc:2    | Learned a level 6 spell: Bombard
 14703 | Lair:1   | Entered Level 1 of the Lair of Beasts
 14940 | Lair:1   | Found a gate leading to a gauntlet.
 14959 | Gauntlet | Entered a Gauntlet
 14959 | Gauntlet | Found a runed translucent gate.
 14959 | Gauntlet | Found a transporter.
 14959 | Gauntlet | Found a runed translucent gate.
 14959 | Gauntlet | Found a runed translucent gate.
 14966 | Gauntlet | Found a transporter.
 14968 | Gauntlet | Found a transporter.
 14979 | Gauntlet | Found a transporter.
 14982 | Gauntlet | Found a transporter.
 14985 | Gauntlet | Found a runed translucent door.
 14987 | Gauntlet | Found a runed translucent door.
 14989 | Gauntlet | Found a transporter.
 15003 | Gauntlet | Found the ring of the Hare {EV+10}
 15005 | Gauntlet | Found a transporter.
 15013 | Gauntlet | Noticed a blizzard demon
 15015 | Gauntlet | Found a transporter.
 15020 | Gauntlet | Found a transporter.
 15020 | Gauntlet | Found a transporter.
 15066 | Gauntlet | Found a transporter.
 15080 | Gauntlet | Found a transporter.
 15094 | Gauntlet | Found a transporter.
 15288 | Gauntlet | Found a transporter.
 15326 | Gauntlet | Reached skill level 15 in Earth Magic
 15334 | Gauntlet | Identified the +2 hat of the Iron City of Dis {rN++}
 15410 | Gauntlet | Noticed a minotaur
 15416 | Gauntlet | Killed a minotaur
 15417 | Gauntlet | Reached skill level 5 in Fighting
 15880 | Lair:2   | Gained mutation: Your large and strong wings let you fly.
                  | [Gargoyle growth]
 15880 | Lair:2   | Reached XP level 14. HP: 78/78 MP: 16/26
 15920 | Lair:2   | Found a stormy altar of Qazlal.
 15961 | Lair:2   | Found a large runed translucent door.
 15963 | Lair:2   | Found a large runed translucent door.
 15989 | Lair:2   | Noticed rotlqkf's ghost (journeyman CoHu)
 16073 | Lair:2   | Found a staircase to the Swamp.
 16174 | Lair:2   | Found a hole to the Spider Nest.
 16241 | Lair:2   | You are sucked into a shaft and drop 1 floor!
 16773 | Lair:3   | Reached skill level 10 in Spellcasting
 16773 | Lair:3   | Reached ****** piety under Vehumet
 16774 | Lair:3   | Offered knowledge of Plasma Beam by Vehumet.
 16901 | Lair:3   | Noticed Rupert
 16917 | Lair:3   | Killed Rupert
 18251 | Lair:4   | Learned a level 7 spell: Orb of Destruction
 18343 | Lair:4   | Found a frozen archway.
 18349 | IceCv    | Entered an ice cave
 18405 | IceCv    | Found a transporter.
 18415 | IceCv    | Found a transporter.
 18757 | Lair:4   | Reached XP level 15. HP: 82/82 MP: 29/29
 19086 | Lair:4   | Learned a level 5 spell: Iskenderun's Battlesphere
 19489 | Lair:5   | Entered Level 5 of the Lair of Beasts
 19505 | Lair:5   | Offered knowledge of Conjure Ball Lightning by Vehumet.
 19578 | Lair:5   | Found a viscous altar of Jiyva.
 19578 | Lair:5   | Found a staircase to the Slime Pits.
 20315 | Lair:5   | Identified the blade talisman of Ignis, Forging {rPois rN+
                  | MP-9 Dex+2}
 20577 | Lair:5   | Reached XP level 16. HP: 84/87 MP: 20/30
 21051 | D:7      | Killed Maggie
 21167 | D:10     | Bought a scroll of teleportation for 42 gold pieces
 21213 | D:12     | Bought a scroll of enchant weapon for 127 gold pieces
 21213 | D:12     | Bought a scroll of enchant weapon for 127 gold pieces
 21618 | D:13     | Offered knowledge of Starburst by Vehumet.
 21946 | D:13     | Found a gate to the Vaults.
 22365 | D:15     | Noticed Kirke
 22374 | D:15     | Killed Kirke
 23211 | Orc:1    | Learned a level 6 spell: Starburst
 23378 | Orc:1    | Killed Lovepenguin's ghost
 23436 | Orc:1    | Identified the +4 chain mail of Xoydurov {Harm Str+3}
 23654 | Lair:2   | Killed rotlqkf's ghost
 23738 | Swamp:1  | Entered Level 1 of the Swamp
 23823 | Swamp:1  | Found a runed translucent door.
 23835 | Swamp:1  | Found a shimmering altar of Xom.
 23835 | Swamp:1  | Noticed magiryoung's ghost (journeyman DrSh)
 23977 | Swamp:1  | Identified the +0 sling "Ydaqesm" {flame, Str+3 Int+3}
 24576 | Swamp:1  | Killed magiryoung's ghost
 25162 | Swamp:2  | You are sucked into a shaft and drop 1 floor!
 25168 | Swamp:3  | Reached XP level 17. HP: 66/96 MP: 23/31
 25453 | Swamp:3  | Reached skill level 1 in Shields
 25971 | Swamp:4  | Entered Level 4 of the Swamp
 26059 | Swamp:4  | Paralysed by a fenstrider witch for 5 turns
 26059 | Swamp:4  | Offered knowledge of Fireball by Vehumet.
 26097 | Swamp:4  | Identified a scroll of acquirement
 26098 | Swamp:4  | Acquired the ring of Mystrikk {rElec rF+ rC+}
 27075 | Swamp:4  | Offered knowledge of Freezing Cloud by Vehumet.
 27121 | Swamp:4  | Got a decaying rune of Zot
 27331 | Swamp:3  | Reached skill level 10 in Fighting
 27439 | Spider:1 | Entered Level 1 of the Spider Nest
 27633 | Spider:1 | Noticed Frances
 27636 | Spider:2 | Noticed Azrael
 27702 | Lair:2   | Killed Frances
 27761 | Spider:1 | Noticed Agnes
 27766 | Spider:1 | Killed Agnes
 27967 | Spider:1 | Found a runed translucent door.
 27986 | Spider:1 | Reached XP level 18. HP: 91/107 MP: 33/33
 28021 | Spider:1 | Identified the +1 flail of Ideukh {vamp, *Rage Str+4 Int+2}
 28473 | Spider:1 | Noticed Caerwyn's ghost (adept CoBe)
 28621 | Spider:1 | Offered knowledge of Lehudib's Crystal Spear by Vehumet.
 28635 | Spider:1 | Killed Caerwyn's ghost
 28735 | Spider:2 | Learned a level 8 spell: Lehudib's Crystal Spear
 29258 | Spider:2 | Killed Azrael
 29556 | Spider:2 | You are sucked into a shaft and drop 1 floor!
 29635 | Spider:3 | Noticed Asterion
 29643 | Spider:3 | Killed Asterion
 30058 | Spider:3 | Noticed Arachne
 30066 | Spider:3 | Killed Arachne
 30549 | Spider:3 | Found a runed translucent gate.
 30549 | Spider:3 | Found a runed translucent gate.
 30553 | Spider:3 | Found a runed translucent gate.
 30558 | Spider:3 | Noticed tls9540's ghost (adept TrFi)
 30647 | Spider:4 | Entered Level 4 of the Spider Nest
 30650 | Spider:4 | Offered knowledge of Fire Storm by Vehumet.
 30650 | Spider:4 | Offered knowledge of Shatter by Vehumet.
 30650 | Spider:4 | Offered knowledge of Chain Lightning by Vehumet.
 31065 | Spider:4 | Reached XP level 19. HP: 98/112 MP: 36/36
 31097 | Spider:4 | Learned a level 9 spell: Shatter
 31108 | Spider:4 | Identified the +2 trident of the Wonderful God {vamp,
                  | Str+2}
 33089 | Spider:4 | Got a gossamer rune of Zot
 33249 | Spider:4 | Identified the +0 pair of gloves "Sos Tobb" {Regen+ MP+9
                  | Int+4}
 33571 | Vaults:1 | Entered Level 1 of the Vaults
 34289 | Vaults:1 | Found Quchimirut's Antique Armour Shop.
 34459 | Vaults:1 | Found Buneore's Distillery.
 34464 | Vaults:1 | Bought a potion of enlightenment for 60 gold pieces
 34464 | Vaults:1 | Bought a potion of curing for 36 gold pieces
 34464 | Vaults:1 | Bought 2 potions of enlightenment for 120 gold pieces
 34464 | Vaults:1 | Bought 2 potions of cancellation for 192 gold pieces
 34464 | Vaults:1 | Bought a potion of curing for 36 gold pieces
 34464 | Vaults:1 | Bought a potion of curing for 36 gold pieces
 34464 | Vaults:1 | Bought a potion of invisibility for 96 gold pieces
 34464 | Vaults:1 | Bought a potion of might for 48 gold pieces
 34464 | Vaults:1 | Bought a potion of might for 48 gold pieces
 34482 | Vaults:1 | Found Ibidurap's Armour Boutique.
 34949 | Vaults:1 | Found Xosuots's Armour Boutique.
 35065 | Vaults:1 | Found Plog's Book Shoppe.
 35269 | Vaults:2 | Noticed Mennas
 35435 | Vaults:2 | Reached XP level 20. HP: 117/117 MP: 38/38
 35594 | Vaults:2 | Killed Mennas
 35639 | Vaults:2 | Found a staircase to the Crypt.
 35639 | Vaults:2 | Found a basalt altar of Yredelemnul.
 35660 | Vaults:2 | Found an ancient bone altar of Kikubaaqudgha.
 35721 | Vaults:2 | Noticed Jory
 35727 | Vaults:2 | Killed Jory
 35833 | Vaults:2 | Noticed Bai Suzhen
 35842 | Vaults:2 | Killed Bai Suzhen
 35843 | Vaults:2 | Reached skill level 15 in Spellcasting
 36173 | Vaults:2 | Identified the serpent talisman "Urexi" {rF++ rC- rCorr
                  | Str+3}
 36173 | Vaults:2 | Noticed Aizul
 36177 | Vaults:2 | Killed Aizul
 36595 | Vaults:3 | Noticed Sojobo
 36601 | Vaults:3 | Killed Sojobo
 37521 | Vaults:3 | Found a white marble altar of Elyvilon.
 38513 | Vaults:4 | Reached XP level 21. HP: 122/122 MP: 40/40
 39413 | Vaults:4 | Identified the storm talisman of Intuition {Dex+2}
 39639 | Vaults:5 | Entered Level 5 of the Vaults
 39639 | Vaults:5 | Noticed a golden dragon
 39639 | Vaults:5 | Noticed a golden dragon
 39938 | Elf:1    | Entered Level 1 of the Elven Halls
 40007 | Elf:1    | Got Sekhlu Delus's Dissertation on Generation
 40321 | Elf:1    | Identified the +2 leather armour of the Lair of Beasts {Fly
                  | rPois Slay+2}
 40996 | Elf:2    | Reached skill level 1 in Fire Magic
 41003 | Elf:2    | Reached XP level 22. HP: 114/127 MP: 33/43
 41144 | Elf:2    | Found a runed translucent gate.
 41164 | Elf:2    | Found a runed translucent gate.
 41165 | Elf:2    | Found a runed translucent gate.
 41777 | Elf:2    | Reached skill level 5 in Fire Magic
 41807 | Elf:2    | Found Sapras's Distillery.
 42118 | Elf:3    | Entered Level 3 of the Elven Halls
 42824 | Elf:3    | Identified the +7 glaive of Floods {heavy, Int+5}
 42845 | Elf:3    | Identified the +3 chain mail of Ogeyvy {Int+4}
 42848 | Elf:3    | Identified the ring "Boifowona" {rF+ EV+5 Str+8 Dex-5}
 43172 | Elf:3    | Identified the +5 battleaxe of Past Mistakes {freeze, rPois
                  | Int+4} (You took it off a deep elf sorcerer on level 3 of
                  | the Elven Halls)
 43252 | Elf:3    | Identified the +1 pair of boots "Zukif" {rPois Regen+
                  | Dex-5}
 43277 | Elf:3    | Got the Codex of Projective Toxicity
 43459 | Elf:3    | Identified the +6 battleaxe "Woshror" {freeze, Str+3}
 44643 | Vaults:5 | Killed a golden dragon
 44649 | Vaults:5 | Noticed a golden dragon
 44652 | Vaults:5 | Reached skill level 10 in Fire Magic
 44655 | Vaults:5 | Reached XP level 23. HP: 125/132 MP: 45/45
 44658 | Vaults:5 | Killed a golden dragon
 44660 | Vaults:5 | Noticed a dread lich
 44662 | Vaults:5 | Killed a dread lich
 44668 | Vaults:5 | Noticed a golden dragon
 44673 | Vaults:5 | Killed a golden dragon
 44676 | Vaults:5 | Noticed a golden dragon
 44679 | Vaults:5 | Killed a golden dragon
 44681 | Vaults:5 | Killed a golden dragon
 44681 | Vaults:5 | Noticed an ancient lich
 44683 | Vaults:5 | Killed an ancient lich
 44774 | Vaults:5 | Noticed an ancient lich
 44777 | Vaults:5 | Killed an ancient lich
 44917 | Vaults:5 | Noticed an ancient lich
 44923 | Vaults:5 | Killed an ancient lich
 45036 | Vaults:5 | Identified the +5 trident of Ereigroq {drain, ^Fragile
                  | Int+5 Dex+4}
 45611 | Vaults:5 | Got the Vellum of Corresponding Creation
 45626 | Vaults:5 | Got a silver rune of Zot
 45726 | Vaults:5 | Found the +2 pair of slick slippers {slick, slippery, EV+4}
 45916 | Vaults:5 | Noticed a golden dragon
 45921 | Vaults:5 | Killed a golden dragon
 46043 | Vaults:1 | Bought the crystal ball of Wucad Mu {*channel} for 2800
                  | gold pieces
 46043 | Vaults:1 | Found the crystal ball of Wucad Mu {*channel}
 46499 | Spider:3 | Killed tls9540's ghost
 46531 | Spider:3 | Identified the +0 hat "Vairuj" {rN+}
 46983 | D:10     | You paid a toll of +2 gold dragon scales to enter a
                  | treasure trove
 46984 | Trove    | Entered a treasure trove
 47147 | Depths:1 | Entered Level 1 of the Depths
 47189 | Depths:1 | Noticed a dread lich
 47192 | Depths:1 | Killed a dread lich
 47197 | Depths:1 | Reached XP level 24. HP: 136/137 MP: 46/46
 47209 | Depths:1 | Got the Discourse on Open Graves
 47228 | Depths:1 | Found a one-way gateway to a ziggurat.
 47419 | Depths:1 | Reached skill level 15 in Fire Magic
 47639 | Depths:1 | Found a radiant altar of Vehumet.
 47698 | Depths:1 | Found a gateway to Hell.
 47781 | Depths:1 | Learned a level 9 spell: Fire Storm
 47784 | Depths:1 | Learned a level 2 spell: Blink
 47793 | Depths:1 | Learned a level 7 spell: Spellforged Servitor
 48467 | Depths:2 | Found a one-way gate leading to the halls of Pandemonium.
 48805 | Depths:3 | You are sucked into a shaft and drop 1 floor!
 48805 | Depths:4 | Entered Level 4 of the Depths
 48879 | Depths:4 | Found a glowing golden altar of the Shining One.
 48900 | Depths:4 | Found a gate to the Realm of Zot.
 48964 | Depths:4 | Got a midnight gem with 1153 turns to spare
 49167 | Depths:4 | Identified the +2 robe "Gidwupn" {Will- Int+3 Dex+2}
 49170 | Depths:4 | Noticed a caustic shrike
 49170 | Depths:4 | Noticed a caustic shrike
 49171 | Depths:4 | Noticed a caustic shrike
 49172 | Depths:4 | Noticed a caustic shrike
 49172 | Depths:4 | Identified the ring of Ru's Inspiration {Ice Slay+2}
 49172 | Depths:4 | Noticed Josephina
 49173 | Depths:4 | Killed a caustic shrike
 49173 | Depths:4 | Killed a caustic shrike
 49173 | Depths:4 | Noticed a caustic shrike
 49174 | Depths:4 | Killed a caustic shrike
 49175 | Depths:4 | Killed a caustic shrike
 49176 | Depths:4 | Killed a caustic shrike
 49182 | Depths:4 | Killed Josephina
 49221 | Depths:4 | Found Zootsu Bione's Jewellery Emporium.
 49521 | Depths:4 | Reached XP level 25. HP: 141/141 MP: 42/48
 49646 | Depths:4 | Found a one-way gate to the infinite horrors of the Abyss.
 50019 | Depths:3 | Found a corrupted altar of Lugonu.
 50056 | Depths:3 | Found Purocw's Distillery.
 50082 | Depths:3 | Bought a potion of lignification for 45 gold pieces
 50082 | Depths:3 | Bought a potion of curing for 45 gold pieces
 50082 | Depths:3 | Bought a potion of curing for 45 gold pieces
 50082 | Depths:3 | Bought a potion of curing for 45 gold pieces
 50082 | Depths:3 | Bought a potion of haste for 150 gold pieces
 50082 | Depths:3 | Bought a potion of curing for 45 gold pieces
 50082 | Depths:3 | Bought a potion of lignification for 45 gold pieces
 50116 | Depths:3 | Lost the midnight gem through the power of Zot.
 50853 | Depths:3 | Found an ornate altar of the Wu Jian Council.
 51145 | Zot:1    | Entered Level 1 of the Realm of Zot
 51995 | Zot:1    | You are sucked into a shaft and drop 1 floor!
 52829 | Zot:2    | Noticed an orb of fire
 52836 | Zot:2    | Killed an orb of fire
 52918 | Zot:2    | Reached XP level 26. HP: 147/147 MP: 44/50
 53018 | Zot:2    | Noticed an orb of fire
 53023 | Zot:2    | Killed an orb of fire
 53307 | Zot:2    | Found a candlelit altar of Ignis.
 53486 | Zot:3    | Noticed an orb of fire
 53560 | Zot:3    | Noticed an orb of fire
 53574 | Zot:3    | Gained mutation: You occasionally shout uncontrollably at
                  | your foes. [an orb of fire]
 53580 | Zot:3    | Killed an orb of fire
 54392 | Zot:3    | Killed an orb of fire
 54477 | Zot:4    | Found a transporter.
 54488 | Zot:4    | Found a transporter.
 54551 | Zot:4    | Found a transporter.
 54551 | Zot:4    | Found a transporter.
 54723 | Zot:4    | Found a transporter.
 54727 | Zot:4    | Found a transporter.
 55326 | Zot:5    | Entered Level 5 of the Realm of Zot
 55462 | Zot:5    | Noticed an orb of fire
 55479 | Zot:4    | Gained mutation: You have a pair of small horns on your
                  | head. [an orb of fire]
 55483 | Zot:4    | Killed an orb of fire
 55517 | Zot:5    | Noticed an orb of fire
 55526 | Zot:5    | Gained mutation: You are dopey. (Int -2) [an orb of fire]
 55527 | Zot:5    | Killed an orb of fire
 55631 | Zot:5    | Identified the +3 trident "Poumn" {speed, rN+ Int+5}
 55884 | Zot:5    | Reached XP level 27. HP: 152/152 MP: 51/51
 56240 | Zot:5    | Noticed an orb of fire
 56242 | Zot:5    | Gained mutation: You are occasionally teleported next to
                  | monsters. [an orb of fire]
 56243 | Zot:5    | Killed an orb of fire
 56623 | Vaults:1 | Bought a manual of Fighting for 1520 gold pieces
 57492 | Zot:5    | Noticed a dread lich
 57504 | Zot:5    | Killed a dread lich
 57510 | Zot:5    | Noticed a dread lich
 57512 | Zot:5    | Killed a dread lich
 57570 | Zot:5    | Noticed an ancient lich
 57574 | Zot:5    | Killed an ancient lich
 57587 | Zot:5    | Noticed a dread lich
 57589 | Zot:5    | Killed a dread lich
 57722 | Zot:5    | Noticed an orb of fire
 57722 | Zot:5    | Noticed an ancient lich
 57722 | Zot:5    | Noticed an orb of fire
 57722 | Zot:5    | Noticed a dread lich
 57722 | Zot:5    | Gained mutation: You frequently scream uncontrollably at
                  | your foes. [an orb of fire]
 57736 | Zot:5    | Killed a dread lich
 57743 | Zot:5    | Gained mutation: Armour fits poorly on your strangely
                  | shaped body. [an orb of fire]
 57788 | Zot:4    | Lost mutation: You are dopey. (Int -2) [potion of mutation]
 57788 | Zot:4    | Lost mutation: You have a pair of small horns on your head.
                  | [potion of mutation]
 57788 | Zot:4    | Lost mutation: You frequently scream uncontrollably at your
                  | foes. [potion of mutation]
 57788 | Zot:4    | Gained mutation: Your magical capacity is low. (-10% MP)
                  | [potion of mutation]
 57788 | Zot:4    | Gained mutation: You are partially covered in large bone
                  | plates. (SH +4) [potion of mutation]
 57789 | Zot:4    | Lost mutation: You are occasionally teleported next to
                  | monsters. [potion of mutation]
 57789 | Zot:4    | Lost mutation: Your magical capacity is low. (-10% MP)
                  | [potion of mutation]
 57789 | Zot:4    | Lost mutation: Armour fits poorly on your strangely shaped
                  | body. [potion of mutation]
 57789 | Zot:4    | Gained mutation: You have a pair of small horns on your
                  | head. [potion of mutation]
 57789 | Zot:4    | Gained mutation: You sometimes lose your temper in combat.
                  | [potion of mutation]
 57790 | Zot:4    | Lost mutation: You occasionally shout uncontrollably at
                  | your foes. [potion of mutation]
 57790 | Zot:4    | Lost mutation: You have a pair of small horns on your head.
                  | [potion of mutation]
 57790 | Zot:4    | Lost mutation: You are partially covered in large bone
                  | plates. (SH +4) [potion of mutation]
 57790 | Zot:4    | Gained mutation: You are vulnerable to cold. (rC-) [potion
                  | of mutation]
 57790 | Zot:4    | Gained mutation: You have an uncontrollable temper. [potion
                  | of mutation]
 57790 | Zot:4    | Gained mutation: You have a somewhat thin skeletal
                  | structure. (Dex +2, Stealth+) [potion of mutation]
 57791 | Zot:4    | Lost mutation: You have a somewhat thin skeletal structure.
                  | (Dex +2, Stealth+) [potion of mutation]
 57791 | Zot:4    | Lost mutation: You have an uncontrollable temper. [potion
                  | of mutation]
 57791 | Zot:4    | Lost mutation: You are vulnerable to cold. (rC-) [potion of
                  | mutation]
 57791 | Zot:4    | Gained mutation: Your flesh is cold resistant. (rC+)
                  | [potion of mutation]
 57791 | Zot:4    | Gained mutation: You have supernaturally acute eyesight.
                  | (SInv) [potion of mutation]
 57792 | Zot:4    | Lost mutation: You sometimes lose your temper in combat.
                  | [potion of mutation]
 57792 | Zot:4    | Lost mutation: Your flesh is cold resistant. (rC+) [potion
                  | of mutation]
 57792 | Zot:4    | Lost mutation: You have supernaturally acute eyesight.
                  | (SInv) [potion of mutation]
 57792 | Zot:4    | Gained mutation: Your flesh is cold resistant. (rC+)
                  | [potion of mutation]
 57792 | Zot:4    | Gained mutation: You have a pair of small antennae on your
                  | head. [potion of mutation]
 57860 | Zot:5    | Killed an orb of fire
 57904 | Zot:5    | Noticed an orb of fire
 57908 | Zot:5    | Killed an orb of fire
 58055 | Zot:5    | Killed an ancient lich
 58217 | Zot:5    | Killed an orb of fire
 58336 | Zot:5    | Reached skill level 15 in Fighting
 59025 | Slime:1  | Entered Level 1 of the Pits of Slime
 59027 | Slime:1  | Reached skill level 5 in Dodging
 60368 | Slime:4  | Gained mutation: You are agile. (Dex +4, Str/Int -1) [a
                  | shining eye]
 60371 | Slime:4  | Gained mutation: Armour fits poorly on your strangely
                  | shaped body. [a shining eye]
 61279 | Slime:1  | You are sucked into a shaft and drop 1 floor!
 61297 | Slime:5  | Entered Level 5 of the Pits of Slime
 61362 | Slime:5  | Noticed the Royal Jelly
 61368 | Slime:5  | Killed the Royal Jelly
 61598 | Slime:5  | Identified the +5 arbalest of Dismay {penet, rCorr Int+4
                  | SInv}
 61606 | Slime:5  | Identified the +2 spear "Ylekerch" {drain, rC++}
 61746 | Slime:5  | Found the dreamshard necklace {Acrobat *Dream}
 61767 | Slime:5  | Identified the +3 scale mail "Xum Cyze" {Regen+ Stlth+}
 61779 | Slime:5  | Got a slimy rune of Zot
 61780 | Slime:5  | Identified the amulet "Beecocipp" {Spirit rElec Str+2}
 61782 | Slime:5  | Identified the amulet of the Disturbing Shrikes {Regen+
                  | Str-3 Dex+2 Slay+2}
 61815 | Slime:5  | Identified the amulet "Nuomuck" {Reflect rC+ Dex+4 SH+5
                  | SInv}
 61823 | Slime:5  | Identified the +2 cloak "Zyawn" {Str+3}
 61825 | Slime:5  | Identified the +4 morningstar of Gafinen {drain, rPois
                  | Will+ Str+3}
 62381 | Slime:5  | Acquired the orb of the Forest {*channel, Slay+3}
 62452 | Slime:5  | Got the Writings on the Squall
 62492 | Slime:5  | Acquired the +0 pair of boots of Cetsaom {rC+ rCorr Str-3
                  | SInv}
 62880 | Hell     | Entered the Vestibule of Hell
 62880 | Hell     | Noticed Geryon
 62950 | Hell     | Killed Geryon
 63167 | Hell     | Found a gateway to the ashen valley of Gehenna.
 63200 | Hell     | Found a gateway to the decaying netherworld of Tartarus.
 63253 | Hell     | Found a gateway to the freezing wastes of Cocytus.
 63374 | Hell     | Found a gateway to the Iron City of Dis.
 63509 | Depths:3 | Voluntarily entered the Abyss.
 63796 | Abyss:2  | Identified the +0 tower shield "Ifaziomo" {Harm Int+4 SInv}
 64173 | Abyss:2  | Found a corrupted altar of Lugonu.
 64184 | Abyss:2  | Found a corrupted altar of Lugonu.
 64209 | Abyss:2  | Found a stormy altar of Qazlal.
 64267 | Abyss:3  | Found a corrupted altar of Lugonu.
 64326 | Abyss:3  | Found a corrupted altar of Lugonu.
 64379 | Abyss:3  | Found a corrupted altar of Lugonu.
 64469 | Abyss:3  | Found a corrupted altar of Lugonu.
 64484 | Abyss:3  | Found a corrupted altar of Lugonu.
 64523 | Abyss:3  | Got an abyssal rune of Zot
 64526 | Depths:3 | Escaped the Abyss
 64542 | Depths:3 | Learned a level 9 spell: Chain Lightning
 64777 | Crypt:1  | Entered Level 1 of the Crypt
 64978 | Crypt:1  | Noticed Grunn
 64983 | Crypt:1  | Killed Grunn
 64989 | Crypt:1  | Reached skill level 1 in Air Magic
 66342 | Crypt:3  | Entered Level 3 of the Crypt
 66599 | Crypt:3  | Found an ancient bone altar of Kikubaaqudgha.
 66676 | Crypt:3  | Identified the +8 great sword of Vixtowe {venom, Str+2
                  | Dex+2}
 66676 | Crypt:3  | Identified the ring of Kiloul {*Corrode rN+ Str+6 Stlth+}
 66880 | Crypt:3  | Identified the amulet of Vehumet's Delight {Faith Will+
                  | Regen+}
 66880 | Crypt:3  | Identified the ring of Plog {rN++ MP+9 Str+2 Int+2}
 66932 | Crypt:3  | Noticed a dread lich
 66936 | Crypt:3  | Found the +7 Spriggan's Knife {stab, EV+4 Stlth+}
 66936 | Crypt:3  | Noticed an ancient lich
 66937 | Crypt:3  | Killed a dread lich
 66940 | Crypt:3  | Killed an ancient lich
 67010 | Crypt:3  | Identified the +7 spear of the Forging Priest {speed, rC+}
 67011 | Crypt:3  | Identified the staff of Putrescence {*Corrode rN+ Will-
                  | Str+4 Stlth+ Necro}
 67013 | Crypt:3  | Identified the +4 spear "Hisih" {holy, Int+3}
 67015 | Crypt:3  | Identified the +0 plate armour of Lyneemp {Rampage rN+
                  | Dex+3}
 67377 | Crypt:3  | Found a staircase to the Tomb.
 67895 | Crypt:3  | Got the Reference Book on Remains
 68601 | Pan      | Entered Pandemonium
 68700 | Pan      | Found an exit through the horrors of the Abyss.
 68772 | Pan      | Entered the realm of Gloorx Vloq.
 69500 | Pan      | Acquired the ring of the Holding Fool {rF+++ rCorr Int+6
                  | Dex-5 Stlth-}
 69501 | Pan      | Acquired the +1 pair of boots of Squeaky Brilliance {Will+
                  | Dex+2}
 69534 | Pan      | Noticed Gloorx Vloq
 69541 | Pan      | Killed Gloorx Vloq
 69629 | Pan      | Got a dark rune of Zot
 69786 | Pan      | Entered the realm of Cerebov.
 69890 | Pan      | Identified the +0 pair of boots "Wicw" {Int+4}
 70357 | Pan      | Identified the +0 robe of the Spheres {rF- rCorr Str+3}
 70357 | Pan      | Identified the ring of Mistrust {rElec EV+5 Dex+3}
 70608 | Pan      | Identified the +0 ring mail of the Realm of Zot {Str+4}
 70694 | Pan      | Identified the +1 scale mail "Suit" {rElec Str+3 Int-2
                  | Stlth+}
 70720 | Pan      | Found the +6 sword of Cerebov {flame}
 70720 | Pan      | Noticed Cerebov
 70840 | Pan      | Killed Cerebov
 70841 | Pan      | Reached skill level 5 in Air Magic
 70881 | Pan      | Got a fiery rune of Zot
 71000 | Pan      | Identified the +7 halberd of Xyochy {heavy, Stlth+}
 71002 | Pan      | Identified the +1 flail "Hunnir" {freeze, rN+ Int+2}
 71070 | Pan      | Reached skill level 10 in Dodging
 71194 | Pan      | Noticed Ignacio
 71201 | Pan      | Killed Ignacio
 71253 | Pan      | Noticed Gym Soj the pandemonium lord
 71422 | Pan      | Found an exit through the horrors of the Abyss.
 71474 | Pan      | Gained mutation: Your magical capacity is low. (-10% MP) [a
                  | cacodemon]
 71475 | Pan      | Found an exit through the horrors of the Abyss.
 71904 | Pan      | Noticed Laaggil the pandemonium lord
 71906 | Pan      | Killed Laaggil the pandemonium lord
 71937 | Pan      | Entered the realm of Mnoleg.
 72032 | Pan      | Noticed Mnoleg
 72043 | Pan      | Killed Mnoleg
 72079 | Pan      | Gained mutation: You occasionally shout uncontrollably at
                  | your foes. [a cacodemon]
 72168 | Pan      | Got a glowing rune of Zot
 72941 | Pan      | Gained mutation: You are occasionally teleported next to
                  | monsters. [a cacodemon]
 72979 | Pan      | Lost mutation: Armour fits poorly on your strangely shaped
                  | body. [potion of mutation]
 72979 | Pan      | Lost mutation: You occasionally shout uncontrollably at
                  | your foes. [potion of mutation]
 72979 | Pan      | Gained mutation: Your movements are slightly less
                  | encumbered by armour. (ER -2) [potion of mutation]
 72979 | Pan      | Lost mutation: Your magical capacity is low. (-10% MP)
                  | [potion of mutation]
 72979 | Pan      | Gained mutation: You have a pair of antennae on your head.
                  | [potion of mutation]
 73124 | Pan      | Entered the realm of Lom Lobon.
 73126 | Pan      | Lost mutation: Your flesh is cold resistant. (rC+) [potion
                  | of mutation]
 73126 | Pan      | Lost mutation: Your movements are slightly less encumbered
                  | by armour. (ER -2) [potion of mutation]
 73126 | Pan      | Lost mutation: You have a pair of antennae on your head.
                  | [potion of mutation]
 73126 | Pan      | Gained mutation: You passively dampen the noise of your
                  | surroundings. [potion of mutation]
 73126 | Pan      | Gained mutation: Your flesh is cold resistant. (rC+)
                  | [potion of mutation]
 73127 | Pan      | Lost mutation: Your flesh is cold resistant. (rC+) [potion
                  | of mutation]
 73127 | Pan      | Lost mutation: You have a pair of small antennae on your
                  | head. [potion of mutation]
 73127 | Pan      | Lost mutation: You are occasionally teleported next to
                  | monsters. [potion of mutation]
 73127 | Pan      | Gained mutation: You have a pair of small horns on your
                  | head. [potion of mutation]
 73213 | Pan      | Found an exit through the horrors of the Abyss.
 73789 | Pan      | Noticed Lom Lobon
 73800 | Pan      | Killed Lom Lobon
 74244 | Pan      | Got a magical rune of Zot
 74460 | Pan      | Gained mutation: You occasionally lose the ability to drink
                  | potions when taking damage. [a cacodemon]
 74892 | Pan      | Noticed Rilaczee the pandemonium lord
 75061 | Pan      | Killed Rilaczee the pandemonium lord
 75165 | Pan      | Found a runed translucent door.
 75172 | Pan      | Got a demonic rune of Zot
 75200 | Pan      | Reached skill level 27 in Earth Magic
 75321 | Pan      | Found an exit through the horrors of the Abyss.
 75551 | Pan      | Took an exit into the Abyss.
 75551 | Abyss:3  | Escaped into the Abyss
 75573 | Abyss:3  | Identified the +2 buckler "Jytocari" {Dex+3}
 75644 | Depths:2 | Escaped the Abyss
 75729 | D:15     | Lost mutation: You have a pair of small horns on your head.
                  | [potion of mutation]
 75729 | D:15     | Lost mutation: You occasionally lose the ability to drink
                  | potions when taking damage. [potion of mutation]
 75729 | D:15     | Gained mutation: Armour fits poorly on your strangely
                  | shaped body. [potion of mutation]
 75729 | D:15     | Gained mutation: Your mind is acute. (Int +4, Str/Dex -1)
                  | [potion of mutation]
 75730 | D:15     | Lost mutation: Your mind is acute. (Int +4, Str/Dex -1)
                  | [potion of mutation]
 75730 | D:15     | Lost mutation: You are agile. (Dex +4, Str/Int -1) [potion
                  | of mutation]
 75730 | D:15     | Lost mutation: You passively dampen the noise of your
                  | surroundings. [potion of mutation]
 75730 | D:15     | Gained mutation: You have a pair of small antennae on your
                  | head. [potion of mutation]
 75730 | D:15     | Gained mutation: You are covered in fur. (AC +1) [potion of
                  | mutation]
 75731 | D:15     | Lost mutation: You are covered in fur. (AC +1) [potion of
                  | mutation]
 75731 | D:15     | Lost mutation: You have a pair of small antennae on your
                  | head. [potion of mutation]
 75731 | D:15     | Lost mutation: Armour fits poorly on your strangely shaped
                  | body. [potion of mutation]
 75731 | D:15     | Gained mutation: Your skin changes colour to match your
                  | surroundings (Stealth+). [potion of mutation]
 75731 | D:15     | Gained mutation: You are clumsy. (Dex -2) [potion of
                  | mutation]
 75732 | D:15     | Lost mutation: Your skin changes colour to match your
                  | surroundings (Stealth+). [potion of mutation]
 75732 | D:15     | Lost mutation: You are clumsy. (Dex -2) [potion of
                  | mutation]
 75732 | D:15     | Gained mutation: Your muscles are strong. (Str +4, Int/Dex
                  | -1) [potion of mutation]
 75732 | D:15     | Gained mutation: You are partially covered in large bone
                  | plates. (SH +4) [potion of mutation]
 75795 | Geh:1    | Entered Level 1 of Gehenna
 76184 | Geh:5    | Noticed a dread lich
 76184 | Geh:5    | Noticed a dread lich
 76187 | Geh:5    | Killed a dread lich
 76187 | Geh:5    | Killed a dread lich
 76187 | Geh:5    | Noticed a dread lich
 76190 | Geh:5    | Noticed an ancient lich
 76191 | Geh:5    | Killed an ancient lich
 76191 | Geh:5    | Killed a dread lich
 76194 | Geh:5    | Noticed an ancient lich
 76196 | Geh:5    | Killed an ancient lich
 76275 | Geh:7    | Entered Level 7 of Gehenna
 76487 | Geh:7    | Reached skill level 27 in Spellcasting
 76847 | Geh:7    | Found the +10 zealot's sword {holy, Zealotry, *Rage rN+
                  | EV+3}
 76940 | Geh:7    | Identified the ring of Cynicism {*Slow rPois rN++ Str+5}
 76941 | Geh:7    | Noticed the Serpent of Hell
 77034 | Geh:7    | Reached skill level 27 in Fire Magic
 77197 | Geh:7    | Killed the Serpent of Hell
 77386 | Geh:7    | Found the +13 sceptre of Asmodeus
 77386 | Geh:7    | Noticed Asmodeus
 77421 | Geh:7    | Got The Omnibus of Greatest Risks and Utility
 77528 | Geh:7    | Killed Asmodeus
 77529 | Geh:7    | Reached skill level 10 in Air Magic
 77543 | Geh:7    | Got an obsidian rune of Zot
 77767 | Coc:1    | Entered Level 1 of Cocytus
 77844 | Coc:3    | Noticed a juggernaut
 77844 | Coc:3    | Noticed a juggernaut
 77844 | Coc:3    | Lost dexterity.
 77851 | Coc:3    | Killed a juggernaut
 77851 | Coc:3    | Killed a juggernaut
 77853 | Coc:3    | Noticed a juggernaut
 77854 | Coc:3    | Noticed a juggernaut
 77855 | Coc:3    | Noticed a juggernaut
 77856 | Coc:3    | Killed a juggernaut
 77856 | Coc:3    | Noticed a juggernaut
 77857 | Coc:3    | Killed a juggernaut
 77857 | Coc:3    | Noticed a juggernaut
 77858 | Coc:3    | Killed a juggernaut
 77858 | Coc:3    | Noticed a juggernaut
 77859 | Coc:3    | Noticed a juggernaut
 77860 | Coc:3    | Killed a juggernaut
 77860 | Coc:3    | Killed a juggernaut
 77861 | Coc:3    | Noticed a juggernaut
 77862 | Coc:3    | Killed a juggernaut
 77863 | Coc:3    | Killed a juggernaut
 77863 | Coc:3    | Noticed a juggernaut
 77864 | Coc:3    | Killed a juggernaut
 77866 | Coc:3    | Killed a juggernaut
 77866 | Coc:3    | Noticed a juggernaut
 77875 | Coc:3    | Killed a juggernaut
 78086 | Coc:5    | Lost dexterity.
 79320 | Coc:6    | Reached skill level 27 in Fighting
 79444 | Coc:7    | Entered Level 7 of Cocytus
 79554 | Coc:7    | Reached skill level 10 in Armour
 79691 | Coc:7    | Got the Meditations on Composition and Flame
 79696 | Coc:7    | Identified the +3 hand axe of Malum Prohibitum {antimagic,
                  | rPois rCorr Str-4 Dex+5}
 79701 | Coc:7    | Got the Codex of the Red-Hot Wayfarer
 79971 | Coc:7    | Reached skill level 15 in Air Magic
 80040 | Coc:7    | Identified the +0 short sword of Freezing Valour {drain,
                  | rPois rN+}
 80040 | Coc:7    | Identified the ring of Xudeadeduu {rPois rC+ Will+}
 80040 | Coc:7    | Noticed Antaeus
 80054 | Coc:7    | Killed Antaeus
 80178 | Coc:7    | Got an icy rune of Zot
 80525 | Dis:1    | Entered Level 1 of the Iron City of Dis
 81016 | Dis:3    | Noticed an ancient lich
 81018 | Dis:3    | Killed an ancient lich
 81503 | Dis:7    | Entered Level 7 of the Iron City of Dis
 81515 | Dis:7    | Identified the +1 scale mail "Coureygh" {rC+ Regen+ Str-5
                  | Int+3}
 81614 | Dis:7    | Learned a level 8 spell: Maxwell's Capacitive Coupling
 81625 | Dis:7    | Learned a level 9 spell: Polar Vortex
 81664 | Dis:7    | Noticed a juggernaut
 81668 | Dis:7    | Killed a juggernaut
 82109 | Dis:7    | Noticed a juggernaut
 82112 | Dis:7    | Killed a juggernaut
 82548 | Dis:7    | Identified the +10 trident of the Doomed God {drain,
                  | *Corrode rF+ Str+3}
 82637 | Dis:7    | Noticed a juggernaut
 82639 | Dis:7    | Killed a juggernaut
 82727 | Dis:7    | Noticed Dispater
 82751 | Dis:7    | Found the +7 mace of Variability {chaos, chaos arc}
 82756 | Dis:7    | Killed Dispater
 82801 | Dis:7    | Identified the +3 quarterstaff "Poado" {freeze, *Noise
                  | Will++ Int+3 Dex+2}
 82804 | Dis:7    | Identified the staff "Fiefoigg" {rN++ Earth}
 82806 | Dis:7    | Got an iron rune of Zot
 83539 | Tar:1    | Entered Level 1 of Tartarus
 84982 | Tar:7    | Entered Level 7 of Tartarus
 85190 | Tar:7    | Noticed a dread lich
 85194 | Tar:7    | Noticed an ancient lich
 85195 | Tar:7    | Killed a dread lich
 85196 | Tar:7    | Noticed an ancient lich
 85198 | Tar:7    | Killed an ancient lich
 85200 | Tar:7    | Killed an ancient lich
 85354 | Tar:7    | Identified the +0 crystal plate armour "Nilyxous" {^Contam
                  | rC++ rCorr Str-5}
 85403 | Tar:7    | Identified the ring of Reefit {rPois rF- Will+ MP+9 SInv}
 85507 | Tar:7    | Noticed Ereshkigal
 85516 | Tar:7    | Killed Ereshkigal
 85771 | Tar:7    | Got a bone rune of Zot
 85952 | Tar:7    | Noticed a dread lich
 85954 | Tar:7    | Killed a dread lich
 86660 | Tomb:1   | Entered Level 1 of the Tomb of the Ancients
 87154 | Tomb:1   | Noticed a royal mummy
 87157 | Tomb:1   | Noticed a royal mummy
 87159 | Tomb:1   | Killed a royal mummy
 87160 | Tomb:1   | Killed a royal mummy
 87160 | Tomb:1   | Noticed a royal mummy
 87162 | Tomb:1   | Noticed a royal mummy
 87164 | Tomb:1   | Noticed a royal mummy
 87164 | Tomb:1   | Noticed a royal mummy
 87165 | Tomb:1   | Killed a royal mummy
 87165 | Tomb:1   | Killed a royal mummy
 87166 | Tomb:1   | Noticed a royal mummy
 87166 | Tomb:1   | Noticed a royal mummy
 87166 | Tomb:1   | Noticed a royal mummy
 87167 | Tomb:1   | Killed a royal mummy
 87167 | Tomb:1   | Killed a royal mummy
 87232 | Tomb:1   | Killed a royal mummy
 87243 | Tomb:1   | Killed a royal mummy
 87285 | Tomb:1   | Noticed a royal mummy
 87289 | Tomb:1   | Killed a royal mummy
 87298 | Tomb:1   | Noticed a royal mummy
 87300 | Tomb:1   | Noticed a royal mummy
 87301 | Tomb:1   | Killed a royal mummy
 87301 | Tomb:1   | Noticed a royal mummy
 87302 | Tomb:1   | Noticed a royal mummy
 87303 | Tomb:1   | Killed a royal mummy
 87303 | Tomb:1   | Noticed a royal mummy
 87304 | Tomb:1   | Killed a royal mummy
 87304 | Tomb:1   | Killed a royal mummy
 87306 | Tomb:1   | Noticed a royal mummy
 87307 | Tomb:1   | Killed a royal mummy
 87307 | Tomb:1   | Noticed a royal mummy
 87309 | Tomb:1   | Killed a royal mummy
 87310 | Tomb:1   | Killed a royal mummy
 87344 | Tomb:1   | Noticed a royal mummy
 87346 | Tomb:1   | Killed a royal mummy
 87347 | Tomb:1   | Reached skill level 27 in Air Magic
 87356 | Tomb:1   | Noticed a royal mummy
 87360 | Tomb:1   | Killed a royal mummy
 87361 | Tomb:1   | Reached skill level 1 in Ice Magic
 87521 | Tomb:1   | Noticed a royal mummy
 87525 | Tomb:1   | Killed a royal mummy
 87527 | Tomb:1   | Killed a royal mummy
 87569 | Tomb:1   | Identified the ring "Noloutit" {Dex+6 Slay+4 Stlth+}
 87687 | Tomb:1   | Noticed a royal mummy
 87690 | Tomb:1   | Killed a royal mummy
 87706 | Tomb:1   | Noticed a royal mummy
 87709 | Tomb:1   | Noticed a royal mummy
 87710 | Tomb:1   | Killed a royal mummy
 87712 | Tomb:1   | Killed a royal mummy
 88011 | Tomb:2   | Noticed a royal mummy
 88011 | Tomb:2   | Noticed a royal mummy
 88011 | Tomb:2   | Noticed a royal mummy
 88011 | Tomb:2   | Noticed a royal mummy
 88013 | Tomb:2   | Killed a royal mummy
 88013 | Tomb:2   | Killed a royal mummy
 88014 | Tomb:2   | Killed a royal mummy
 88014 | Tomb:2   | Killed a royal mummy
 88025 | Tomb:2   | Identified the +3 great sword "Vutaus" {freeze, *Corrode
                  | rC+ rN+ Str+2}
 88221 | Tomb:2   | Reached skill level 10 in Ice Magic
 88540 | Tomb:3   | Entered Level 3 of the Tomb of the Ancients
 88556 | Tomb:3   | Noticed a royal mummy
 88560 | Tomb:3   | Killed a royal mummy
 88562 | Tomb:3   | Noticed a royal mummy
 88564 | Tomb:3   | Killed a royal mummy
 88567 | Tomb:3   | Noticed a royal mummy
 88568 | Tomb:3   | Noticed a royal mummy
 88571 | Tomb:3   | Killed a royal mummy
 88571 | Tomb:3   | Killed a royal mummy
 88638 | Tomb:3   | Noticed a royal mummy
 88640 | Tomb:3   | Noticed a royal mummy
 88641 | Tomb:3   | Noticed a royal mummy
 88642 | Tomb:3   | Killed a royal mummy
 88642 | Tomb:3   | Killed a royal mummy
 88643 | Tomb:3   | Reached skill level 15 in Ice Magic
 88643 | Tomb:3   | Killed a royal mummy
 88643 | Tomb:3   | Noticed a royal mummy
 88647 | Tomb:3   | Noticed a royal mummy
 88649 | Tomb:3   | Killed a royal mummy
 88652 | Tomb:3   | Killed a royal mummy
 88680 | Tomb:3   | Found the +7 sceptre of Torment {pain, torment}
 88906 | Tomb:3   | Got a golden rune of Zot
 88974 | Tomb:3   | Identified the +3 glaive of Liqoq {speed, rN+ Int+2}
 88991 | Tomb:3   | Identified the +9 dagger "Kyd Tudduedgh" {pain, rPois rC+
                  | Str-4}
 88992 | Tomb:3   | Identified the staff of Qelibalu {rF+ rN+ Necro}
 88993 | Tomb:3   | Identified the +6 crystal plate armour "Oneibbom" {Fly rF+
                  | Will+ Regen+}
 88995 | Tomb:3   | Identified the +1 ring mail of Nomiwk {+Inv Fly Str+3}
 89018 | Tomb:3   | Identified the +1 falchion of Sandy Guile {heavy, rPois
                  | Dex+3}
 89112 | Tomb:3   | Got Sif Muna's Omnibus of the Bewitching Geologist
 89523 | Zig:1    | Entered Level 1 of a ziggurat
 89559 | Zig:2    | Entered Level 2 of a ziggurat
 89611 | Zig:3    | Entered Level 3 of a ziggurat
 89612 | Zig:3    | Noticed a royal mummy
 89615 | Zig:3    | Killed a royal mummy
 89631 | Zig:3    | Identified the +5 scimitar of Animal Spirits {elec, Str-3
                  | Dex+5}
 89646 | Zig:4    | Entered Level 4 of a ziggurat
 89687 | Zig:4    | Identified the +0 hand axe of Tomilo {chaos, rN+ Str-4
                  | Int+2}
 89689 | Zig:4    | Identified the +7 arbalest of the Pits of Slime {flame,
                  | rElec}
 89697 | Zig:5    | Entered Level 5 of a ziggurat
 89745 | Zig:6    | Entered Level 6 of a ziggurat
 89749 | Zig:6    | Noticed an ancient lich
 89750 | Zig:6    | Noticed a dread lich
 89752 | Zig:6    | Killed a dread lich
 89753 | Zig:6    | Killed an ancient lich
 89780 | Zig:6    | Identified the staff "Muwoz" {rC+ Dex+4 Hexes Ice}
 89798 | Zig:7    | Entered Level 7 of a ziggurat
 89851 | Zig:8    | Entered Level 8 of a ziggurat
 89909 | Zig:8    | Identified the +2 plate armour "Noch" {rPois}
 89914 | Zig:8    | Identified the +4 scale mail of Imufeumo {Will+}
 89927 | Zig:9    | Entered Level 9 of a ziggurat
 89934 | Zig:9    | Noticed a royal mummy
 89937 | Zig:9    | Noticed a royal mummy
 89937 | Zig:9    | Noticed a royal mummy
 89938 | Zig:9    | Killed a royal mummy
 89939 | Zig:9    | Killed a royal mummy
 89939 | Zig:9    | Killed a royal mummy
 90032 | Zig:9    | Identified the +5 dagger of Hamn {elec, ^Fragile rPois
                  | Str-3 Int+4}
 90056 | Zig:10   | Entered Level 10 of a ziggurat
 90100 | Zig:10   | Identified the +1 robe "Kel Hext" {Harm Int+5}
 90108 | Zig:10   | Identified the +6 halberd "Nepleada" {venom, rPois rC-
                  | SInv}
 90113 | Zig:10   | Identified the ring of Worch {^Contam rN+ EV+5 Str+4
                  | Stlth+}
 90150 | Zig:11   | Entered Level 11 of a ziggurat
 90192 | Zig:11   | Identified the amulet "Oxzaew" {Regen+ RegenMP+ Stlth+}
 90196 | Zig:11   | Identified the staff "Pudef" {rElec rPois rC+ Str-2 Int+5
                  | Ice}
 90205 | Zig:11   | Identified the +7 glaive "Demon's Demise" {spect, Will-
                  | Int+5 Dex-5 SInv}
 90254 | Zig:12   | Entered Level 12 of a ziggurat
 90265 | Zig:12   | Noticed Kepyano the pandemonium lord
 90267 | Zig:12   | Noticed Jukhov the pandemonium lord
 90268 | Zig:12   | Reached skill level 27 in Conjurations
 90268 | Zig:12   | Killed Jukhov the pandemonium lord
 90269 | Zig:12   | Noticed Cainac the pandemonium lord
 90270 | Zig:12   | Killed Kepyano the pandemonium lord
 90271 | Zig:12   | Killed Cainac the pandemonium lord
 90323 | Zig:12   | Identified the +0 helmet of Oplamoh {SInv}
 90361 | Zig:13   | Entered Level 13 of a ziggurat
 90428 | Zig:13   | Identified the staff of Earthquakes {rC- rN+ Str+2 Dex+6
                  | Necro Alchemy}
 90485 | Zig:14   | Entered Level 14 of a ziggurat
 90525 | Zig:14   | Identified the +5 dagger of Irritation {heavy, Str+3 Int-5
                  | Dex+9}
 90535 | Zig:14   | Identified the amulet "Heg Pam" {rPois Regen+}
 90537 | Zig:14   | Identified the ring "Nunt" {*Corrode Will+++ Str-2 Int+6
                  | Slay+4}
 90543 | Zig:14   | Identified the +5 ring mail "Echuobo" {*Slow Will+ Str+6}
 90587 | Zig:15   | Entered Level 15 of a ziggurat
 90609 | Zig:15   | Reached skill level 15 in Dodging
 90673 | Zig:15   | Identified the +1 scale mail of Dithmenos's Generosity {rF-
                  | rN+ Int+4}
 90675 | Zig:15   | Identified the +2 morningstar of Fysesch {drain, rF+ Str+4
                  | Dex-4 SInv}
 90731 | Zig:16   | Entered Level 16 of a ziggurat
 90779 | Zig:16   | Got the Compilation of Impulse and Spelunking
 90782 | Zig:16   | Identified the amulet "Kuzxea Dyaps" {rPois Will+ RegenMP+
                  | Stlth+}
 90784 | Zig:16   | Identified the amulet "Tuppuc" {RegenMP+ rCorr}
 90790 | Zig:16   | Identified the +4 scale mail "Xixomp" {Str+5 Dex-2}
 90855 | Zig:17   | Entered Level 17 of a ziggurat
 90896 | Zig:17   | Identified the +0 pair of gloves of Bitterness {rN+ Regen+
                  | Dex+3}
 90897 | Zig:17   | Identified the +8 broad axe "Kainar" {venom, rPois Dex+3
                  | Stlth-}
 90908 | Zig:17   | Identified the ring of Omoobo {rPois rN+ Int+3 Dex+3}
 90910 | Zig:17   | Identified the +3 falchion of Annihilation {protect, rN+
                  | Str-2 Stlth+}
 90957 | Zig:17   | Acquired 829 gold pieces
 90963 | Zig:18   | Entered Level 18 of a ziggurat
 90984 | Zig:18   | Gained mutation: Armour fits poorly on your strangely
                  | shaped body. [a cacodemon]
 90995 | Zig:18   | Found the +13 scythe of Curses {drain, curses, ^Drain}
 91014 | Zig:18   | Identified the amulet "Cuhuggi" {Reflect rF+ rCorr Dex+3
                  | SH+5}
 91029 | Zig:18   | Identified the amulet of Toik {Faith rC+ MP+9 Int+3 Dex-2}
 91033 | Zig:18   | Identified the ring of the Crafting Fool {rCorr Int+4
                  | Stlth+}
 91044 | Zig:18   | Identified the +5 halberd of Modesty {freeze, Stlth+}
 91096 | Zig:19   | Entered Level 19 of a ziggurat
 91299 | Zig:19   | Found the +6 Majin-Bo {spellvamp, MP+6 Int+6}
 91304 | Zig:19   | Identified the staff of Wuohuverch {rElec rN+ Str+4 Fire
                  | Air}
 91306 | Zig:19   | Identified the +3 scale mail of Peek-a-Boo {Rampage Regen+
                  | Dex-3 Slay+6}
 91311 | Zig:19   | Identified the staff of Qegooqith {rElec rF- Str+5 Air}
 91322 | Zig:19   | Identified the ring of Miyppiar {MP+9 Int+3}
 91370 | Zig:20   | Entered Level 20 of a ziggurat
 91391 | Zig:20   | Reached skill level 1 in Evocations
 91440 | Zig:20   | Identified the +9 rapier "Roekh" {pain, Fly rF+ rC+}
 91447 | Zig:20   | Identified the +5 sling of Corporal Punishment {speed,
                  | rElec MP+9 Str+3}
 91506 | Zig:21   | Entered Level 21 of a ziggurat
 91516 | Zig:21   | Noticed a royal mummy
 91522 | Zig:21   | Killed a royal mummy
 91538 | Zig:21   | Noticed a royal mummy
 91540 | Zig:21   | Noticed a royal mummy
 91541 | Zig:21   | Killed a royal mummy
 91543 | Zig:21   | Killed a royal mummy
 91543 | Zig:21   | Noticed a royal mummy
 91544 | Zig:21   | Noticed a royal mummy
 91545 | Zig:21   | Noticed a royal mummy
 91546 | Zig:21   | Killed a royal mummy
 91547 | Zig:21   | Noticed a royal mummy
 91548 | Zig:21   | Killed a royal mummy
 91548 | Zig:21   | Killed a royal mummy
 91550 | Zig:21   | Killed a royal mummy
 91554 | Zig:21   | Noticed a royal mummy
 91557 | Zig:21   | Noticed a royal mummy
 91561 | Zig:21   | Killed a royal mummy
 91562 | Zig:21   | Killed a royal mummy
 91646 | Zig:21   | Identified the +2 hand axe "Xaetity" {flame, rF+ rN+++
                  | Will-}
 91658 | Zig:21   | Identified the ring "Ugaunaf" {+Blink rN+ Will+ Int-2
                  | Dex+3}
 91671 | Zig:21   | Identified the staff of the Dwarven Hall {rElec Dex-5 Conj
                  | Tloc Air}
 91710 | Zig:22   | Entered Level 22 of a ziggurat
 91724 | Zig:22   | Noticed an ancient lich
 91727 | Zig:22   | Killed an ancient lich
 91728 | Zig:22   | Reached skill level 5 in Evocations
 91733 | Zig:22   | Noticed an ancient lich
 91733 | Zig:22   | Noticed an ancient lich
 91735 | Zig:22   | Killed an ancient lich
 91735 | Zig:22   | Killed an ancient lich
 91737 | Zig:22   | Noticed an ancient lich
 91739 | Zig:22   | Noticed a dread lich
 91740 | Zig:22   | Killed an ancient lich
 91740 | Zig:22   | Killed a dread lich
 91742 | Zig:22   | Noticed a dread lich
 91744 | Zig:22   | Killed a dread lich
 91799 | Zig:22   | Found the +8 longbow "Zephyr" {speed, Dex+3 SInv}
 91807 | Zig:22   | Identified the +1 scimitar of Mandamus {pain, Fly rPois}
 91832 | Zig:22   | Identified the +0 ring mail of a bailey {Regen+ rCorr Str+2
                  | Dex-2}
 91833 | Zig:22   | Identified the +9 plate armour of Ignis's Supremacy {rF++
                  | Regen+}
 91870 | Zig:23   | Entered Level 23 of a ziggurat
 91881 | Zig:23   | Noticed Emoew the pandemonium lord
 91883 | Zig:23   | Noticed Jeraymp the pandemonium lord
 91887 | Zig:23   | Killed Emoew the pandemonium lord
 91889 | Zig:23   | Killed Jeraymp the pandemonium lord
 91890 | Zig:23   | Noticed Ocokk the pandemonium lord
 91890 | Zig:23   | Noticed Yfampom the pandemonium lord
 91892 | Zig:23   | Killed Yfampom the pandemonium lord
 91899 | Zig:23   | Killed Ocokk the pandemonium lord
 91905 | Zig:23   | Noticed Cukuttev the pandemonium lord
 91905 | Zig:23   | Noticed Jer Amal the pandemonium lord
 91907 | Zig:23   | Killed Jer Amal the pandemonium lord
 91907 | Zig:23   | Noticed Dedom the pandemonium lord
 91911 | Zig:23   | Killed Cukuttev the pandemonium lord
 91912 | Zig:23   | Killed Dedom the pandemonium lord
 91921 | Zig:23   | Noticed Xaghida the pandemonium lord
 91923 | Zig:23   | Killed Waam the pandemonium lord
 91923 | Zig:23   | Killed Xaghida the pandemonium lord
 91928 | Zig:23   | Noticed Buqicki the pandemonium lord
 91929 | Zig:23   | Killed Buqicki the pandemonium lord
 91955 | Zig:23   | Identified the +3 ring mail "Xotosec" {-Tele rN+ Regen+
                  | Stlth+}
 91962 | Zig:23   | Identified the ring "Vankefor" {AC+4 Int+3}
 91965 | Zig:23   | Identified the amulet "Axuant" {Acrobat rN+ Stlth+}
 91980 | Zig:23   | Identified the +3 ring mail of the Orcish Mines {Fly rPois
                  | Dex+3}
 91981 | Zig:23   | Identified the staff of the Hierophant {Ice Earth}
 92061 | Zig:23   | Lost mutation: Armour fits poorly on your strangely shaped
                  | body. [potion of mutation]
 92061 | Zig:23   | Lost mutation: You are partially covered in large bone
                  | plates. (SH +4) [potion of mutation]
 92061 | Zig:23   | Gained mutation: Your body sometimes deteriorates upon
                  | taking damage. [potion of mutation]
 92061 | Zig:23   | Gained mutation: You are partially covered in iridescent
                  | scales. (AC +2) [potion of mutation]
 92062 | Zig:23   | Lost mutation: Your muscles are strong. (Str +4, Int/Dex
                  | -1) [potion of mutation]
 92062 | Zig:23   | Lost mutation: You are partially covered in iridescent
                  | scales. (AC +2) [potion of mutation]
 92062 | Zig:23   | Lost mutation: Your body sometimes deteriorates upon taking
                  | damage. [potion of mutation]
 92062 | Zig:23   | Gained mutation: You have a pair of small antennae on your
                  | head. [potion of mutation]
 92062 | Zig:23   | Gained mutation: You occasionally lose the ability to read
                  | scrolls when taking damage. [potion of mutation]
 92062 | Zig:23   | Gained mutation: You passively dampen the noise of your
                  | surroundings. [potion of mutation]
 92063 | Zig:23   | Lost mutation: You occasionally lose the ability to read
                  | scrolls when taking damage. [potion of mutation]
 92063 | Zig:23   | Lost mutation: You have a pair of small antennae on your
                  | head. [potion of mutation]
 92063 | Zig:23   | Gained mutation: Your body sometimes deteriorates upon
                  | taking damage. [potion of mutation]
 92063 | Zig:23   | Gained mutation: You do not regenerate when monsters are
                  | visible. [potion of mutation]
 92063 | Zig:23   | Gained mutation: You are partially covered in iridescent
                  | scales. (AC +2) [potion of mutation]
 92064 | Zig:23   | Lost mutation: You are partially covered in iridescent
                  | scales. (AC +2) [potion of mutation]
 92064 | Zig:23   | Lost mutation: You do not regenerate when monsters are
                  | visible. [potion of mutation]
 92064 | Zig:23   | Lost mutation: Your body sometimes deteriorates upon taking
                  | damage. [potion of mutation]
 92064 | Zig:23   | Gained mutation: You have a pair of small horns on your
                  | head. [potion of mutation]
 92064 | Zig:23   | Gained mutation: Your health recovers twice as slowly from
                  | being drained. [potion of mutation]
 92064 | Zig:23   | Gained mutation: You expend magic power (3 MP) to
                  | strengthen your wands. [potion of mutation]
 92065 | Zig:23   | Lost mutation: You expend magic power (3 MP) to strengthen
                  | your wands. [potion of mutation]
 92065 | Zig:23   | Lost mutation: Your health recovers twice as slowly from
                  | being drained. [potion of mutation]
 92065 | Zig:23   | Lost mutation: You have a pair of small horns on your head.
                  | [potion of mutation]
 92065 | Zig:23   | Gained mutation: Your health recovers twice as slowly from
                  | being drained. [potion of mutation]
 92065 | Zig:23   | Gained mutation: You are dopey. (Int -2) [potion of
                  | mutation]
 92065 | Zig:23   | Gained mutation: Armour fits poorly on your strangely
                  | shaped body. [potion of mutation]
 92066 | Zig:23   | Lost mutation: You are dopey. (Int -2) [potion of mutation]
 92066 | Zig:23   | Lost mutation: Armour fits poorly on your strangely shaped
                  | body. [potion of mutation]
 92066 | Zig:23   | Lost mutation: You passively dampen the noise of your
                  | surroundings. [potion of mutation]
 92066 | Zig:23   | Gained mutation: You have large cloven feet. [potion of
                  | mutation]
 92066 | Zig:23   | Gained mutation: You do not regenerate when monsters are
                  | visible. [potion of mutation]
 92066 | Zig:23   | Gained mutation: Your mind is acute. (Int +4, Str/Dex -1)
                  | [potion of mutation]
 92066 | Zig:23   | Gained mutation: Your mind is very acute. (Int +8, Str/Dex
                  | -2) [potion of mutation]
 92067 | Zig:23   | Lost mutation: You do not regenerate when monsters are
                  | visible. [potion of mutation]
 92067 | Zig:23   | Lost mutation: Your health recovers twice as slowly from
                  | being drained. [potion of mutation]
 92067 | Zig:23   | Gained mutation: You are agile. (Dex +4, Str/Int -1)
                  | [potion of mutation]
 92067 | Zig:23   | Lost mutation: Your mind is very acute. (Int +8, Str/Dex
                  | -2) [potion of mutation]
 92067 | Zig:23   | Gained mutation: You are somewhat resistant to further
                  | mutation. [potion of mutation]
 92073 | Zig:24   | Entered Level 24 of a ziggurat
 92114 | Zig:24   | Found the +15 Maxwell's patent armour {-Cast -Tele rElec
                  | Will+ rCorr}
 92116 | Zig:24   | Found the +18 shield of the Gong {Loud rN+ Will+ rCorr
                  | EV-5}
 92135 | Zig:24   | Identified the +6 sling "Sonkisoh" {freeze, rPois Will+}
 92236 | Zig:25   | Entered Level 25 of a ziggurat
 92273 | Zig:25   | Noticed a seraph
 92275 | Zig:25   | Killed a seraph
 92287 | Zig:25   | Reached skill level 10 in Evocations
 92351 | Zig:25   | Identified the staff of Cemmihau {rPois rN+ Int+4 Necro}
 92357 | Zig:25   | Identified the +6 long sword of the Usurping Seeker
                  | {antimagic, rCorr Stlth+}
 92360 | Zig:25   | Identified the +3 mace of Defilement {freeze, rC++ SInv}
 92364 | Zig:25   | Identified the +8 short sword of Moppaz {distort, Int+3}
 92365 | Zig:25   | Identified the +1 trident "Miacuso" {venom, rF+ Dex+3
                  | Stlth-}
 92366 | Zig:25   | Identified the +6 rapier "Nocyic" {elec, rElec Will+}
 92427 | Zig:26   | Entered Level 26 of a ziggurat
 92469 | Zig:26   | Noticed a dread lich
 92472 | Zig:26   | Killed a dread lich
 92490 | Zig:26   | Found the +10 dark maul {heavy}
 92504 | Zig:26   | Identified the staff of Enwuhurgh {Str+4 Tloc Earth}
 92509 | Zig:26   | Identified the +7 sling "Kaajivou" {freeze, rPois rN+
                  | Str+3}
 92521 | Zig:26   | Identified the +9 plate armour "Tabis" {rElec}
 92522 | Zig:26   | Identified the ring of Kyseh {rElec rCorr EV+5}
 92617 | Zig:27   | Entered Level 27 of a ziggurat
 92647 | Zig:27   | Noticed Mogio the pandemonium lord
 92653 | Zig:27   | Killed Mogio the pandemonium lord
 92789 | Zig:27   | Found the necklace of Bloodlust {Fury *Rage Will++ Int-3
                  | Slay+6}
 92807 | Zig:27   | Identified the staff of the Wheel {^Contam rElec rN+ Will+
                  | Air}
 92814 | Zig:27   | Identified the +3 mace of the Foot {freeze, rF+++ Int+4
                  | Dex-3}
 92829 | Zig:27   | Identified the ring of Enewago {rN+ Int+6 Dex+3}
 92839 | Zig:27   | Acquired 1236 gold pieces
 92845 | Zig:27   | Identified the staff of the Sun {rPois rN+ Will+ MP-9 Str+3
                  | Necro}
 93151 | Zot:5    | Got the Orb of Zot
 93267 | Zot:2    | Noticed Ygujot the pandemonium lord
 93271 | Zot:2    | Killed Ygujot the pandemonium lord
 93342 | Depths:4 | Noticed Qecyituq the pandemonium lord
 93344 | Depths:4 | Killed Qecyituq the pandemonium lord
 93509 | D:12     | Noticed Huok the pandemonium lord
 93513 | D:12     | Reached skill level 27 in Ice Magic
 93514 | D:12     | Killed Huok the pandemonium lord
 93552 | D:11     | Reached skill level 15 in Armour
 93651 | D:9      | Noticed Dushosch the pandemonium lord
 93654 | D:9      | Killed Dushosch the pandemonium lord
 93822 | D:1      | Noticed Ysaecoarch the pandemonium lord
 93828 | D:1      | Killed Ysaecoarch the pandemonium lord
 93872 | D:$      | Escaped with the Orb!

Illustrated notes

Levels and vault maps discovered:
D:1:      tarquinn_simple_flora_water_c, layout_rooms, minmay_small_reverse_x
D:2:      layout_basic, chequers_ecumenical_altar_island, nrook_mini_vaults
D:3:      layout_loops_corners, general_overflow_altar, grunt_decor_clamped,
          minmay_misc_feat_hallway, supply_closet_lemuel, uniq_grinder
D:4:      layout_cave_pools, old_standard_altar, uniq_sigmund
D:5:      layout_cave_pools, uniq_menkaure
D:6:      layout_loops_ring, makhleb_heckhound_becter, lemuel_round_altar,
          lightli_orcish_oven
D:7:      layout_rooms, mainiacjoe_overflow_chevrons, minmay_temple_entry_tees,
          uniq_maggie
D:8:      layout_basic, lemuel_round_altar, grunt_lair_entry_orc_guard_hut,
          serial_shops, nicolae_diamond_shop
D:9:      layout_long_grid, worldfamousw_hep_ancestral_shrine,
          amethyst_overflow_temple_binary, old_standard_altar
D:10:     layout_irregular_city, mainiacjoe_overflow_concentric_impassable,
          serial_shops, nicolae_shop_competitors_out_of_business, enter_trove_3
D:11:     layout_basic, nicolae_looking_at_the_future
D:12:     layout_irregular_city, orc_0_dummy, serial_shops, shop,
          hangedman_decor_slide_cut
D:13:     layout_roguey, david_vaults_5, nicolae_figureground_sparkle
D:14:     layout_rooms, serial_aquarium, aquarium_bridge_square
          [aquarium_subvault_bridge, aquarium_subvault_balcony,
          aquarium_subvault_balcony, aquarium_subvault_wall],
          aquarium_window_fake, aquarium_window_double, aquarium_window_2,
          aquarium_view_2c, aquarium_balcony_double_4, aquarium_pool_2,
          serial_shops, nicolae_lakefront_shop, st_stairs_7
D:15:     grunt_enter_depths_giant_problem, layout_basic,
          nicolae_ru_sacrificial_ziggurat, uniq_kirke
Temple:   minmay_freezing_vapour_temple
Lair:1:   layout_roguey, gauntlet_entry_generic, serial_bayou_pond_d,
          chequers_serial_rivers_micro_a
Lair:2:   layout_roguey, minmay_swamp_entry_reptiles,
          hellmonk_spider_entry_not_the_bees, basic_altar,
          ebering_ghost_disaster_area
Lair:3:   layout_layer_cave, grunt_megastairs_1, serial_bayou_shore_a,
          uniq_rupert
Lair:4:   layout_regular_city, portal_ice_cave_rime
Lair:5:   minmay_lair_end_frog_pond, layout_cave_shapes,
          minmay_slime_entry_eyes, dreamdust_wasp_nest
Swamp:1:  layout_falls_marsh, ebering_ghost_xom, evilmike_swamp_ruin_rubble_2
Swamp:2:  layout_basic_swamp, serial_swamp_ruin, evilmike_swamp_ruin_house_5,
          evilmike_swamp_ruin_rubble_1, evilmike_swamp_ruin_house_3
Swamp:3:  layout_basic_swamp, hangedman_swamp_ruin_wall
Swamp:4:  swamp_basic_johnstein, layout_basic_swamp, swamp_pool_1_2,
          nicolae_swamp_spooky_pond
Spider:1: layout_spider_delve, ebering_ghost_inner_flame,
          nicolae_spider_jagged_tunnels, uniq_frances, uniq_agnes
Spider:2: layout_spider_delve, uniq_azrael
Spider:3: layout_spider_delve, gammafunk_ghost_tricky_traps, uniq_asterion,
          uniq_arachne
Spider:4: guppyfry_spider_rune
Slime:1:  layout_caves
Slime:2:  layout_caves
Slime:3:  layout_caves
Slime:4:  layout_caves
Slime:5:  slime_pit_nicolae_trefoil
Orc:1:    layout_caves, gammafunk_ghost_wrathful_warriors, basic_altar,
          uniq_erica
Orc:2:    st_orc_rangers, layout_caves, nicolae_orc_tapped_out
Elf:1:    layout_gridlike, serial_sigils, serial_sigils_hangedman_shear,
          serial_sigils_hangedman_stare, serial_sigils_hangedman_snap,
          serial_sigils_hangedman_confine, serial_sigils_hangedman_snap,
          minmay_elf_demonology, fountainhead
Elf:2:    elven_hall_of_blades_hangedman_original [nicolae_blade_lattice],
          layout_geoelf_grid, serial_shops, nicolae_lakefront_shop,
          nicolae_elf_v_pinch
Elf:3:    grunt_elf_hall_diamonds, layout_onion_city, corner_web_ring
Vaults:1: v_rooms_4, v_misc_9, nicolae_vaults_wrenched, ontoclasm_vaults_eye,
          nicolae_vaults_spaceships, nicolae_vaults_meiosis,
          nicolae_vaults_little_squares_1, nicolae_vaults_shelves_hall,
          layout_vaults_ring, serial_shops, shop, shop, shop, shop,
          nicolae_shop_back_alley_shop
Vaults:2: minmay_crypt_entry_necro_gods, nicolae_vaults_tetromino_T_2,
          nicolae_vaults_more_shelving_1, nicolae_vaults_stairing_the_circle,
          dpeg_vaults_monster_box, hangedman_vaults_restitches,
          nicolae_vaults_apartment_1, hangedman_vaults_corner_blocks,
          nicolae_vaults_stepped_doors, nicolae_vaults_security_offices_2,
          nicolae_vaults_tetromino_T_2, nicolae_vaults_specimen_jars,
          layout_vaults_omnicross, uniq_bai_suzhen, uniq_margery, uniq_jory,
          uniq_mennas, uniq_aizul
Vaults:3: ontoclasm_vaults_chip, ontoclasm_vaults_shuriken, lemuel_angel_altar,
          nicolae_vaults_three_branches, nicolae_vaults_layer_cake_slice,
          nicolae_vaults_trapezoid_lopsided_2, grunt_vaults_diagonal,
          v_pattern_2, hangedman_vaults_stitches, v_misc_13, serial_ice_b,
          nicolae_vaults_shelves_hall, nicolae_vaults_tetromino_T_1,
          layout_vaults_chaotic_city, uniq_sojobo
Vaults:4: nicolae_vaults_mitosis, hangedman_vaults_stream,
          nicolae_vaults_hallways_thing, minmay_orc_keep, v_pattern_3,
          nicolae_vaults_apartment_2, vaults_dpeg_hooks, vaults_room_hallway,
          nicolae_vaults_what_the_h, nicolae_vaults_offset_grid_hallway_2,
          nicolae_vaults_house_2, nicolae_vaults_heart-shaped_vault,
          grunt_vaults_hallway_long, ontoclasm_vaults_ring_large,
          nicolae_vaults_asterisk, layout_vaults_omnibox, serial_glass
Vaults:5
Crypt:1:  layout_basic, uniq_grunn
Crypt:2:  layout_chaotic_city
Crypt:3:  evilmike_haunted_forest
Tomb:1
Tomb:2
Tomb:3
Depths:1: layout_roguey [special_room_morgue], enter_ziggurat_d, pf_coc_iceberg,
          chequers_big_river, minmay_misc_feat_five, fiery_altar_vehumet
Depths:2: grunt_deathspiral_small, layout_gridlike, hangedman_tar_grid_catacomb,
          pan_entry, firewood_loft
Depths:3: minmay_spriggan_fort, layout_basic, abyss_entry_flame_altar,
          hell_entry, nzn_wu_jian_council_hall, nicolae_inconvenience_store,
          wad_dig_loot
Depths:4: grunt_zot_entry_tricorne, layout_honeycomb, pan_entry,
          minmay_misc_feat_alley, serial_shops, nicolae_lakefront_shop,
          minmay_room_of_horrors, hell_entry, tso_oasis_becter, uniq_josephina
Hell
Dis:1:    layout_overlapping_boxes
Dis:2:    nicolae_dis_big_iron_x
Dis:3:    hangedman_iron_city_apartments
Dis:4:    layout_subdivisions
Dis:5:    layout_gridville
Dis:6:    nicolae_dis_heavy_security, layout_gridville,
          nicolae_hells_seeping_fissure
Dis:7:    dis_grunt_layers
Geh:1:    layout_gehenna_pools_basic, lemuel_hellion_isle
Geh:2:    layout_gehenna_lava_caves
Geh:3:    layout_gehenna_pools_basic
Geh:4:    layout_gehenna_pools_box
Geh:5:    layout_gehenna_pools_basic, nicolae_hells_leichenhalle
Geh:6:    layout_gehenna_lava_caves
Geh:7:    geh_grunt
Coc:1:    layout_cocytus_water_paths
Coc:2:    layout_cocytus_water_paths
Coc:3:    nicolae_hells_titanomachy
Coc:4:    layout_cocytus_delve
Coc:5:    layout_cocytus_water_paths
Coc:6:    layout_ice_bergs
Coc:7:    coc_hangedman
Tar:1:    layout_honeycomb
Tar:2:    layout_honeycomb
Tar:3:    layout_honeycomb
Tar:4:    layout_catacombs
Tar:5:    layout_honeycomb
Tar:6:    layout_grid_maze, nicolae_hells_seeping_fissure
Tar:7:    tar_grunt_cathedral
Zot:1:    layout_concentric_octagons, hangedman_zot_decor_checkerboard
Zot:2:    regret_index_infernal_bastille, layout_gridlike
Zot:3:    layout_gridlike, regret_index_zotdec_twisting_globes
Zot:4:    layout_gridlike, serial_nicolae_subway, nicolae_sub_station_crystal,
          nicolae_sub_station_metal, nicolae_sub_station_stone,
          grunt_megastairs_3
Zot:5:    layout_gridlike

Skill      XL: |  1  2  3  4  5  6  7  8  9 10 11 12 13 14 15 16 17 18 19 20 21 22 23 24 25 26 27 |
---------------+----------------------------------------------------------------------------------+-----
Earth Magic    | 4 6 7 9 10 12 15 17 19 20 21 23 25 27 | 27.0
Stealth        | 3 5 6 8 10 11 12 14 | 14.0
Fighting       | 3 5 7 10 27 | 27.0
Conjurations   | 4 9 11 12 14 15 16 17 19 20 22 24 25 27 | 27.0
Spellcasting   | 4 5 6 8 10 11 13 14 15 17 18 19 21 23 24 27 | 27.0
Armour         | 3 6 15 | 15.2
Shields        | 3 |  3.0
Fire Magic     | 1 10 14 16 18 19 27 | 27.0
Dodging        | 21 | 21.5
Air Magic      | 27 | 27.0
Ice Magic      | 27 | 27.0
Evocations     | 12 | 12.3

Action                     |  1- 3 |  4- 6 |  7- 9 | 10-12 | 13-15 | 16-18 | 19-21 | 22-24 | 25-27 || total
---------------------------+-------+-------+-------+-------+-------+-------+-------+-------+-------++-------
  Melee: Unarmed           |    38 |       |       |       |       |       |       |       |       ||    38
         Staff             |       |       |       |     7 |    21 |     6 |    16 |       |    75 ||   125
         Headbutt          |       |       |       |       |       |       |       |       |     1 ||     1
  Throw: Throwing net      |       |       |       |       |     1 |       |       |       |       ||     1
         Dart              |       |       |       |       |       |       |     1 |       |       ||     1
   Cast: Sandblast         |    50 |    28 |    85 |   252 |    46 |       |       |       |       ||   461
         Stone Arrow       |       |       |    11 |    85 |    74 |       |       |       |       ||   170
         Iskenderun's Myst |       |       |       |    25 |    83 |    16 |       |       |     1 ||   125
         Olgreb's Toxic Ra |       |       |       |     5 |    93 |     8 |       |       |       ||   106
         Dazzling Flash    |       |       |       |     2 |       |       |       |       |       ||     2
         Bombard           |       |       |       |       |   178 |   234 |       |       |       ||   412
         Orb of Destructio |       |       |       |       |     7 |    98 |    31 |     2 |    17 ||   155
         Irradiate         |       |       |       |       |     5 |    25 |    14 |     5 |    12 ||    61
         Starburst         |       |       |       |       |       |    64 |    57 |     1 |       ||   122
         Iskenderun's Batt |       |       |       |       |       |     4 |       |       |       ||     4
         Lehudib's Crystal |       |       |       |       |       |    93 |   266 |   150 |  1456 ||  1965
         Shatter           |       |       |       |       |       |       |    63 |   151 |  1058 ||  1272
         Fire Storm        |       |       |       |       |       |       |       |     2 |   671 ||   673
         Spellforged Servi |       |       |       |       |       |       |       |       |    19 ||    19
         Blink             |       |       |       |       |       |       |       |       |     6 ||     6
         Chain Lightning   |       |       |       |       |       |       |       |       |    13 ||    13
         Polar Vortex      |       |       |       |       |       |       |       |       |     3 ||     3
  Evoke: Wand              |       |       |     7 |    14 |     9 |     2 |     6 |       |    14 ||    52
         Phantom mirror    |       |       |       |       |       |     2 |     1 |       |       ||     3
         Lightning rod     |       |       |       |       |       |       |     2 |       |       ||     2
    Use: Scroll            |       |     6 |     9 |    11 |     5 |    14 |    10 |    11 |    49 ||   115
         Potion            |       |     1 |       |     2 |     1 |     2 |     4 |     5 |    54 ||    69
   Stab: Distracted        |       |       |       |       |       |       |       |       |     1 ||     1
 Armour: Robe              |    39 |     3 |    47 |    51 |       |       |       |       |       ||   140
         Skin              |       |       |       |     8 |       |       |       |       |     9 ||    17
         Troll leather arm |       |       |       |   233 |   329 |   410 |   443 |   132 |   746 ||  2293
         Scale mail        |       |       |       |       |       |       |       |       |   412 ||   412
  Dodge: Dodged            |    49 |     6 |    30 |   162 |   161 |   161 |   104 |    42 |   417 ||  1132
  Block: Buckler           |       |       |       |       |       |    48 |    46 |     7 |       ||   101

Table legend: (Time is in decaauts)
 A = Elapsed time spent in this place.
 B = Non-inter-level travel time spent in this place.
 C = Inter-level travel time spent in this place.
 D = Time resting spent in this place.
 E = Time spent auto-exploring this place.
 F = Levels seen in this place.
 G = Mean time per level.
                   A        B        C        D        E       F      G
               +--------+--------+--------+--------+--------+-----+--------+
         Total |  94655 |  81261 |  13394 |   1352 |  59002 | 140 |  676.1 |
       Dungeon |  18348 |  14157 |   4191 |    213 |  11470 |  15 | 1223.2 |
        Temple |      1 |      1 |      0 |      0 |      0 |   1 |    1.0 |
          Lair |   6241 |   5521 |    720 |      0 |   4446 |   5 | 1248.2 |
         Swamp |   3714 |   3364 |    350 |     24 |   2663 |   4 |  928.5 |
   Spider Nest |   6078 |   5432 |    646 |    111 |   4099 |   4 | 1519.5 |
    Slime Pits |   3546 |   3248 |    298 |      0 |   1949 |   5 |  709.2 |
  Orcish Mines |   2927 |   2235 |    692 |    113 |   1589 |   2 | 1463.5 |
   Elven Halls |   4190 |   3465 |    725 |      2 |   2790 |   3 | 1396.7 |
        Vaults |   8315 |   6726 |   1589 |    100 |   5481 |   5 | 1663.0 |
         Crypt |   3672 |   3132 |    540 |     67 |   2354 |   3 | 1224.0 |
          Tomb |   2635 |   2499 |    136 |     35 |   1702 |   3 |  878.3 |
        Depths |   5241 |   3906 |   1335 |      0 |   3134 |   4 | 1310.2 |
          Hell |    864 |    605 |    259 |     34 |    437 |   1 |  864.0 |
           Dis |   2729 |   2516 |    213 |     25 |   1794 |   7 |  389.9 |
       Gehenna |   1889 |   1797 |     92 |      0 |    944 |   7 |  269.9 |
       Cocytus |   2182 |   1994 |    188 |     40 |   1149 |   7 |  311.7 |
      Tartarus |   2772 |   2666 |    106 |    139 |   1960 |   7 |  396.0 |
           Zot |   7113 |   5808 |   1305 |    186 |   4265 |   5 | 1422.6 |
         Abyss |   1113 |   1113 |      0 |     35 |    577 |   4 |  278.2 |
   Pandemonium |   6928 |   6928 |      0 |    193 |   4067 |  18 |  384.9 |
      Ziggurat |   3384 |   3384 |      0 |      8 |   1650 |  27 |  125.3 |
         Trove |     43 |     43 |      0 |      0 |     37 |   1 |   43.0 |
      Ice Cave |    211 |    211 |      0 |      0 |    127 |   1 |  211.0 |
      Gauntlet |    508 |    508 |      0 |     26 |    313 |   1 |  508.0 |
               +--------+--------+--------+--------+--------+-----+--------+

Top non-repeatable levels by time:
   Zot:5: 2251 daAuts
    D:15: 2216 daAuts
Vaults:1: 2208 daAuts
Spider:3: 2090 daAuts
   Dis:7: 1882 daAuts
 Crypt:3: 1853 daAuts
Vaults:3: 1808 daAuts
   Elf:3: 1784 daAuts
  Lair:2: 1690 daAuts
    D:13: 1681 daAuts
     D:9: 1679 daAuts
Vaults:2: 1649 daAuts
   Zot:2: 1638 daAuts
     D:8: 1562 daAuts
Depths:3: 1543 daAuts
